Cogmind - Beta 16 @@@ ROGUE MODE // 2025.11.27 @ 01:04:31 Player: Cracklepappy Result: Establishing 0b11! Performance ------------- Evolutions (9) 4500 Regions Visited (35) 7000 Robots Destroyed (532) 2660 Value Destroyed (32106) 32106 Prototype IDs (364) 7280 Alien Tech Used (0) 0 Bonus (52714) 52714 TOTAL SCORE: 106260 Bonus ------- Triggered High Security 500 High Alert Combat Kills 7558 Follower Combat Kills 10753 Entered Garrisons 2800 Used RIF Installer 9500 Met MAIN.C 5000 Destroyed MAIN.C Shell 5000 Destroyed MAIN.C 10000 Win 3000 Friendly Fire -1397 Cogmind --------- Core Integrity 1000/1600 Matter 295/300 Energy 674/690 System Corruption 28% Temperature Cool (12) Movement Walking (180) Ox1 Location 0b11 Command Parts ------- > --- POWER (3) -------- Light Quantum Reactor Reinforced Quantum Reactor Improved Quantum Reactor > --- PROPULSION (7) --- Enhanced Biometal Leg Centrium Leg Centrium Leg Centrium Leg Centrium Leg Heavy Shield Leg > --- UTILITY (10) ----- Advanced Cooling System Huge Storage Unit Experimental Core Analyzer Experimental Core Analyzer Advanced Powered Armor Advanced Powered Armor Advanced Powered Armor Graphene Brace (fused) Advanced Hardlight Generator Relay Coupler [Proto] (22) > --- WEAPON (5) ------- Helical Railgun Enhanced Hardcell Cannon (fused) Enhanced Hardcell Cannon Enhanced Hardcell Cannon Compact Linear Accelerator > --- INVENTORY (25) --- Micro Antimatter Reactor Micro Antimatter Reactor Centrium Leg Centrium Leg Advanced Power Amplifier Experimental Heat Sink Experimental Matter Compressor (500) Improved Reaction Control System Advanced Point Defense System Relay Coupler [Proto] (22) Relay Coupler [Proto] (22) Relay Coupler [Proto] (22) Enhanced Nova Cannon KE Penetrator Railgun Enhanced Hardcell Cannon Neutron Missile Launcher Advanced Remote Datajack Advanced Remote Datajack Plasma Lance Peak State ------------ > --- POWER ------------ Reinforced Quantum Reactor Improved Quantum Reactor Improved Quantum Reactor > --- PROPULSION ------- Enhanced Biometal Leg Centrium Leg Centrium Leg Centrium Leg Centrium Leg Heavy Shield Leg > --- UTILITY ---------- Advanced Cooling System Huge Storage Unit Experimental Core Analyzer Advanced Powered Armor Graphene Brace Advanced Hardlight Generator Advanced Point Defense System Relay Coupler [NC] Relay Coupler [Proto] Relay Coupler [Proto] > --- WEAPON ----------- Helical Railgun Multirail Multirail Heavy Linear Accelerator > --- INVENTORY -------- Centrium Leg Centrium Leg Heavy Shield Leg Advanced Power Amplifier Experimental Heat Sink Experimental Matter Compressor Experimental Core Analyzer Advanced Powered Armor Advanced Powered Armor Advanced Powered Armor Relay Coupler [Proto] Relay Coupler [Proto] Relay Coupler [Proto] High-powered Tractor Beam Enhanced Nova Cannon Helical Railgun Enhanced Hardcell Cannon Compact Linear Accelerator Neutron Missile Launcher Advanced Remote Datajack Advanced Remote Datajack Plasma Lance [Rating: 228] Favorites ----------- Power Micro Fission Core Engine Heavy Ion Engine Power Core Micro Fission Core Reactor Light Quantum Reactor Propulsion Centrium Leg Treads Light Treads Leg Centrium Leg Wheel Armored Wheel Flight Unit Improved VTOL Module Utility Relay Coupler [Sentry] Device Gravity Neutralizer Storage Medium Storage Unit Processor Core Analyzer Hackware Relay Coupler [Sentry] Protection Advanced Powered Armor Weapon Railgun Energy Gun Heavy EM Pulse Gun Energy Cannon Beam Cannon Ballistic Gun Railgun Ballistic Cannon Enhanced Hardcell Cannon Launcher Grenade Launcher Special Weapon Advanced Remote Datajack Impact Weapon Powered Hammer Slashing Weapon Ripper Piercing Weapon Heavy Pick Special Melee Weapon Improved Datajack Build | -11 -10 -10 -9 -9 -9 -8 -8 -8 -8 -8 -8 -7 -7 -7 -7 -6 -6 -6 -6 -5 -5 -4 -4 -4 -4 -3 -3 -3 -3 -2 -2 -2 -2 -1 -1 ------- Run | Yrd Mat Min Mat Sto Gar Mat Gar Mat Gar Mat Gar Fac Gar Fac Gar Fac Gar Fac Gar Fac Gar Fac Was Fac Gar Res Gar Res Gar Res Gar Res Gar Acc Com Slots Evolved 18 | . . . 2 . . 2 . . . . . 2 . . . 2 . . . 2 . 2 . . . 2 . . . 2 . . . 2 . Power 2 | . . . . . . . . . . . . . . . . . . . . . . . . . . . . . . 1 . . . 1 . Propulsion 5 | . . . . . . . . . . . . 2 . . . 1 . . . . . . . . . 1 . . . 1 . . . . . Utility 8 | . . . . . . 1 . . . . . . . . . 1 . . . 2 . 2 . . . 1 . . . . . . . 1 . Weapon 3 | . . . 2 . . 1 . . . . . . . . . . . . . . . . . . . . . . . . . . . . . Parts Attached 386 | 8 17 4 20 7 13 13 15 5 12 2 9 16 10 . 10 3 11 . 9 4 23 1 5 7 9 10 13 1 25 11 14 11 9 19 40 Power 51 | 1 3 1 6 2 . 3 2 . . . 1 1 1 . 2 . 2 . . . 2 . 1 . . . . . 1 1 3 5 3 4 6 Engine 16 | 1 3 1 5 1 . 2 2 . . . . . . . . . . . . . . . . . . . . . . . . . . . 1 Core 17 | . . . 1 . . 1 . . . . 1 1 1 . 2 . 2 . . . 2 . 1 . . . . . 1 . 2 . . 2 . Reactor 18 | . . . . 1 . . . . . . . . . . . . . . . . . . . . . . . . . 1 1 5 3 2 5 Propulsion 79 | 2 4 2 . . 3 . 3 . 1 . 1 8 . . 3 2 3 . 6 1 10 1 . 1 . 4 1 . 11 1 2 . . 5 4 Treads 6 | . 4 . . . 1 . 1 . . . . . . . . . . . . . . . . . . . . . . . . . . . . Leg 17 | . . . . . . . . . . . . . . . . . . . . . . . . . . . . . 5 1 2 . . 5 4 Wheel 13 | 2 . 2 . . 2 . 2 . 1 . 1 1 . . 2 . . . . . . . . . . . . . . . . . . . . Hover . | . . . . . . . . . . . . . . . . . . . . . . . . . . . . . . . . . . . . Flight 43 | . . . . . . . . . . . . 7 . . 1 2 3 . 6 1 10 1 . 1 . 4 1 . 6 . . . . . . Utility 119 | 2 3 1 2 1 3 5 3 3 1 2 2 4 3 . 2 1 6 . 1 2 6 . 3 4 3 5 7 1 7 3 6 5 2 6 14 Device 46 | 1 2 1 1 . 3 2 2 1 1 . 2 2 3 . . . 3 . . . . . 1 2 . 3 1 1 2 2 . 1 . 3 6 Storage 16 | 1 1 . 1 1 . 1 . . . 1 . . . . 1 . . . . . 1 . . 2 . 2 . . 3 . . 1 . . . Processor 6 | . . . . . . 1 1 . . . . 1 . . . . . . . . . . . . . . . . . . 1 . . . 2 Hackware 43 | . . . . . . 1 . 2 . 1 . 1 . . 1 1 3 . 1 2 5 . 2 . 3 . 6 . 2 . 4 1 2 1 4 Protection 8 | . . . . . . . . . . . . . . . . . . . . . . . . . . . . . . 1 1 2 . 2 2 Artifact . | . . . . . . . . . . . . . . . . . . . . . . . . . . . . . . . . . . . . Weapon 137 | 3 7 . 12 4 7 5 7 2 10 . 5 3 6 . 3 . . . 2 1 5 . 1 2 6 1 5 . 6 6 3 1 4 4 16 Energy Gun 8 | 3 4 . . . . . 1 . . . . . . . . . . . . . . . . . . . . . . . . . . . . Energy Cannon 4 | . 1 . . . . 1 . . . . 1 . . . . . . . . . . . . . . . . . . . . . . . 1 Ballistic Gun 73 | . 1 . 11 2 5 3 5 1 4 . 3 3 6 . 1 . . . 2 . 3 . . 1 3 1 2 . 5 3 1 . 1 2 4 Ballistic Cannon 26 | . . . 1 . . . 1 . 5 . . . . . 1 . . . . . 2 . . 1 . . 1 . . 2 1 1 1 1 8 Launcher 4 | . 1 . . . 1 . . . . . 1 . . . . . . . . . . . . . 1 . . . . . . . . . . Special Weapon 14 | . . . . . . . . 1 . . . . . . 1 . . . . 1 . . 1 . 2 . 1 . . 1 1 . 2 1 2 Impact Weapon 1 | . . . . . . . . . . . . . . . . . . . . . . . . . . . . . 1 . . . . . . Slashing Weapon 2 | . . . . 1 1 . . . . . . . . . . . . . . . . . . . . . . . . . . . . . . Piercing Weapon 2 | . . . . . . . . . 1 . . . . . . . . . . . . . . . . . 1 . . . . . . . . Special Melee Weapon 3 | . . . . 1 . 1 . . . . . . . . . . . . . . . . . . . . . . . . . . . . 1 Unidentified Prototypes 10 | . . . 2 1 . . . . . . . . 1 . . . . . . . . . . . . 1 . . . 1 . 1 . . 3 Parts Lost 67 | . 3 5 1 . 7 . 5 . 3 . 3 1 . . 2 . 3 . 5 1 7 . . . 2 1 . 1 3 . 2 . . 6 6 Power 9 | . 1 1 1 . . . . . . . . . . . 1 . . . . . 1 . . . . . . . . . . . . 3 1 Propulsion 19 | . . 2 . . 2 . 1 . . . . . . . 1 . 2 . 4 1 5 . . . . . . . . . . . . . 1 Utility 14 | . . 1 . . 1 . . . 1 . . 1 . . . . 1 . . . 1 . . . 1 . . . 3 . 1 . . 1 2 Weapon 25 | . 2 1 . . 4 . 4 . 2 . 3 . . . . . . . 1 . . . . . 1 1 . 1 . . 1 . . 2 2 Highest Loss Streak 5 | . 2 5 1 . 4 . 2 . 2 . 1 1 . . 2 . 1 . 2 1 2 . . . 2 1 . 1 2 . 1 . . 3 3 To Critical Strikes 1 | . . 1 . . . . . . . . . . . . . . . . . . . . . . . . . . . . . . . . . Average Backups 14 | 5 9 8 11 18 19 19 18 17 18 22 23 12 4 5 5 6 5 20 8 5 4 5 5 8 8 8 8 10 12 27 29 27 24 24 21 Power . | . . . 1 1 1 1 1 2 2 2 2 1 . . . . . . . . . . . . 1 1 . 1 . 2 1 . . . . Propulsion 2 | 3 3 2 3 4 5 4 5 6 6 6 6 2 . . . . . 4 1 . . . . 2 2 1 1 1 2 4 2 1 2 2 2 Utility 6 | . 2 2 2 3 6 7 6 5 4 6 8 5 1 2 2 2 1 11 4 2 1 3 3 4 3 5 5 7 7 14 15 16 16 18 11 Weapon 3 | 1 3 3 4 8 6 5 4 2 3 5 5 2 2 2 1 2 2 3 2 1 2 . . 1 1 1 1 1 1 6 8 6 4 2 4 Tool/Special . | . . . . . . . . . . . . . . . . . . . . . . . . . . . . . . . . . . . . Unused Backups 159 | . 8 . 7 5 5 1 4 2 4 7 3 8 . . 6 8 8 . 1 6 21 1 2 8 2 2 10 1 4 2 5 2 2 1 13 Power 15 | . 1 . 1 . 2 . . . . 1 2 . . . . . 2 . . . 1 . . 1 . . 1 . . . 1 . . . 2 Propulsion 35 | . 2 . 3 1 . 1 2 1 2 4 . 1 . . . . . . . . 3 1 . 4 . . 6 . 2 . 1 . . . 1 Utility 83 | . 5 . . 1 3 . 1 1 . 2 1 6 . . 5 8 5 . 1 5 15 . 2 3 2 2 . 1 2 2 3 . 1 1 5 Weapon 23 | . . . 3 3 . . 1 . 2 . . 1 . . . . 1 . . 1 2 . . . . . 3 . . . . 2 . . 4 Tool/Special 3 | . . . . . . . . . . . . . . . 1 . . . . . . . . . . . . . . . . . 1 . 1 Average Slot Usage (%) 93 | . 98 82 99 99 99 99 93 90 89 90 90 92 96 100 95 94 93 86 93 98 96 90 93 90 82 85 84 83 88 90 91 97 100 96 92 Engine 2 | . 13 5 10 11 11 7 8 . . . . . . . . . . . . . . . . . . . . . . . . . . . . Core 2 | . . . . . . 1 . . . . 6 7 7 7 6 6 6 6 6 5 4 5 5 5 5 4 4 4 4 4 2 . . 3 . Reactor 2 | . . . . . . . . 9 9 9 2 . . . . . . . . . . . . . . . . . . 3 5 8 8 7 10 Treads 1 | . 19 4 . . . . . . . . . . . . . . . . . . . . . . . . . . . . . . . . . Leg 5 | . . . . . . . . . . . . . . . . . . . . . . . . . . . . . 4 26 27 30 30 25 24 Wheel 5 | . 8 22 22 21 21 18 12 9 9 9 9 6 . . . 1 1 13 3 . . . . . . . . . . . . . . . . Flight 9 | . . . . . . . . . . . . 16 30 30 28 26 30 6 24 27 25 23 21 16 15 15 14 14 14 . . . . . . Device 8 | . 14 5 11 11 10 13 9 8 9 4 8 3 6 13 9 6 5 . 2 4 10 10 10 10 8 8 5 9 10 5 6 7 8 10 10 Storage 5 | . 14 14 11 11 11 9 9 9 9 9 9 3 . . . 1 . 6 1 . . 4 5 5 5 4 4 4 3 4 4 4 4 4 4 Processor 2 | . . . . . . 2 8 9 9 9 9 11 15 8 7 6 6 6 6 5 . . . . . . . . . . . . . . 4 Hackware 12 | . . . . . . 1 . . . 4 . 3 . . 3 11 13 13 14 22 22 21 25 26 27 28 31 28 25 23 18 21 21 20 14 Energy Gun 1 | . 15 . 6 . . . 1 . . . . . . . . . . . . . . . . . . . . . . . . . . . . Ballistic Gun 19 | . 6 2 33 33 34 40 28 36 28 8 21 26 32 30 27 26 24 26 24 23 19 15 15 15 11 13 13 14 17 14 11 6 3 . 5 Ballistic Cannon 4 | . . . 3 10 3 . 6 . 13 32 20 3 . . . . . . . . . . . . . . . . . 5 6 9 13 13 9 Special Weapon 1 | . . . . . . . . . . 3 . . . . . 2 . . 1 3 2 5 5 5 2 4 4 2 . . 2 3 4 5 2 Piercing Weapon 2 | . . . . . . . . . 1 . 2 1 2 7 6 4 2 6 4 1 3 5 5 5 5 4 4 4 4 . . . . . . Peak Build Rating 228 | 7 10 11 24 28 27 31 43 47 48 49 49 50 59 61 65 68 68 68 72 82 90 84 92 105 107 122 130 130 150 171 180 180 180 194 228 Average Rating 85 | 5 8 8 19 24 24 28 34 44 44 47 45 44 46 60 58 60 57 68 63 77 74 81 89 100 95 118 123 125 130 168 171 174 177 191 208 On Entrance 77 | . 7 8 11 24 24 25 29 43 44 48 48 42 44 59 61 61 61 68 68 72 77 77 84 92 105 102 120 128 122 150 167 173 178 179 180 Avg Prop Armor Cover (%) 3 | . . . . . . . 4 . . . . . . . . . 1 1 1 2 3 . . . . . . . 14 . . . . . . Naked Turns . | . . . . . . . . . . . . . . . . . . . . . . . . . . . . . . . . . . . . Heaviest Build 252 | 13 22 21 43 63 63 68 75 75 88 125 121 107 32 31 70 30 71 71 73 33 108 35 36 42 42 43 44 44 174 219 221 205 185 210 252 Greatest Support 222 | 20 40 40 24 24 24 24 28 28 28 28 28 56 32 32 56 35 56 56 56 35 56 41 41 47 47 46 47 47 180 210 222 222 210 210 210 Greatest Overweight (x) 14 | . . . 1 2 5 2 5 2 3 4 4 1 1 . 2 . 1 1 2 1 2 . 1 . 1 . . . 14 1 1 . . 1 1 Average Overweight (x) . | . . . . 1 2 2 2 2 2 3 3 . . . . . . 1 . . . . . . . . . . . . . . . . . Largest Inventory Capacity 30 | 8 10 10 15 20 20 20 20 20 20 25 25 25 5 5 20 20 20 20 20 20 20 5 5 10 10 10 10 10 30 30 30 30 25 25 25 Average Capacity 15 | 7 9 10 12 18 20 20 20 20 20 23 25 14 5 5 5 7 6 20 9 5 6 5 5 9 10 10 10 10 13 30 30 27 25 25 25 Most Carried 30 | 8 10 10 15 20 20 20 20 20 20 25 25 23 5 5 20 18 20 20 20 19 18 5 5 10 10 10 10 10 30 30 30 30 25 25 25 Average Carried 14 | 6 9 8 11 18 19 19 19 19 19 23 24 12 4 4 4 5 5 20 8 5 4 4 4 9 9 9 9 10 12 29 29 27 24 24 21 Final Capacity 30 | 8 10 10 15 20 20 20 20 20 20 25 25 5 5 5 20 5 20 20 20 5 5 5 5 10 10 10 10 10 30 30 30 25 25 25 25 Final Carried 30 | 8 10 10 15 20 19 20 20 20 20 25 25 5 5 5 19 5 20 20 20 5 5 5 5 10 10 10 10 10 30 30 30 25 25 23 20 Class Distribution -------------------- 19% | Botlord-Tank 17% | Scavenger-Gunner 14% | Commander-Sprinter 8% | Botlord-Sprinter 8% | Gunner 7% | Botlord-Gunner 7% | Mutant 6% | Scavenger-Sprinter 5% | Commander-Gunner Dominant Class ---------------- Mutant | -10/Materials Mutant | -10/Mines Gunner | -9/Materials Gunner | -9/Storage Scavenger-Gunner | -9/Garrison Scavenger-Gunner | -8/Materials Scavenger-Gunner | -8/Garrison Scavenger-Gunner | -8/Materials Scavenger-Gunner | -8/Garrison Commander-Gunner | -8/Materials Scavenger-Gunner | -8/Garrison Scavenger-Gunner | -7/Factory Commander-Sprinter | -7/Garrison Commander-Sprinter | -7/Factory Commander-Sprinter | -7/Garrison Scavenger-Sprinter | -6/Factory Scavenger-Sprinter | -6/Garrison Botlord-Gunner | -6/Factory Commander-Sprinter | -6/Garrison Botlord-Sprinter | -5/Factory Commander-Sprinter | -5/Garrison Commander-Sprinter | -4/Factory Botlord-Sprinter | -4/Waste Botlord-Sprinter | -4/Factory Botlord-Sprinter | -4/Garrison Botlord-Skirmisher | -3/Research Botlord-Gunner | -3/Garrison Commander-Tank | -3/Research Scavenger-Sprinter | -3/Garrison Hauler-Tank | -2/Research Botlord-Tank | -2/Garrison Botlord-Tank | -2/Research Botlord-Tank | -2/Garrison Botlord-Tank | -1/Access Botlord-Tank | -1/Command Resources | -11 -10 -10 -9 -9 -9 -8 -8 -8 -8 -8 -8 -7 -7 -7 -7 -6 -6 -6 -6 -5 -5 -4 -4 -4 -4 -3 -3 -3 -3 -2 -2 -2 -2 -1 -1 ----------- Run | Yrd Mat Min Mat Sto Gar Mat Gar Mat Gar Mat Gar Fac Gar Fac Gar Fac Gar Fac Gar Fac Gar Fac Was Fac Gar Res Gar Res Gar Res Gar Res Gar Acc Com Matter Collected 33623 | 280 618 190 782 787 1345 712 1108 379 808 494 1843 307 1124 10 1407 . 1566 . 788 428 2112 103 121 809 650 723 679 36 1603 608 2520 635 1378 1920 4750 Remotely 2110 | . . . . . . . . . . . . . . . . . . . . . . . . . . . . . . . . . . . 2110 Salvage Created 26623 | 240 993 121 1232 1287 954 897 1490 470 947 234 1359 299 1909 20 1808 . 1424 . 491 181 1654 190 364 461 510 265 330 . 1686 509 656 235 672 784 1951 Parts 1259 | 17 50 7 93 62 65 53 75 16 55 14 57 16 80 3 87 . 61 . 36 9 69 8 8 21 19 14 10 . 68 26 32 6 24 21 77 Haulers Intercepted 15 | . 2 . 4 4 . 2 . 1 . 1 . . . . . . . . . . . 1 . . . . . . . . . . . . . Recyclers Shooed 6 | 1 2 . . 1 . . . . . . . . . . . . . . . . . . . 2 . . . . . . . . . . . Parts Field Recycled . | . . . . . . . . . . . . . . . . . . . . . . . . . . . . . . . . . . . . Retrieved Matter . | . . . . . . . . . . . . . . . . . . . . . . . . . . . . . . . . . . . . Parts Self-Destructed . | . . . . . . . . . . . . . . . . . . . . . . . . . . . . . . . . . . . . Prevented . | . . . . . . . . . . . . . . . . . . . . . . . . . . . . . . . . . . . . Parts Restored 1 | . . . . . . . . . . . . . . . . . . . . . . . . . . . . . . . . . . . 1 Broken 1 | . . . . . . . . . . . . . . . . . . . . . . . . . . . . . . . . . . . 1 Kills | -11 -10 -10 -9 -9 -9 -8 -8 -8 -8 -8 -8 -7 -7 -7 -7 -6 -6 -6 -6 -5 -5 -4 -4 -4 -4 -3 -3 -3 -3 -2 -2 -2 -2 -1 -1 ------- Run | Yrd Mat Min Mat Sto Gar Mat Gar Mat Gar Mat Gar Fac Gar Fac Gar Fac Gar Fac Gar Fac Gar Fac Was Fac Gar Res Gar Res Gar Res Gar Res Gar Acc Com Combat Hostiles Destroyed 434 | . 23 11 22 18 30 11 22 8 21 5 35 4 23 . 42 . 17 . 16 3 19 1 1 2 15 3 1 . 15 7 11 3 11 11 23 Melee 6 | . . . . . . . . . . . . . . . . . . . . . . . . 1 . 2 1 . . . . . 1 . 1 Guns 266 | . 16 . 21 14 25 11 13 5 20 . 15 3 21 . 28 . 16 . 11 3 14 1 1 1 2 1 . . 10 4 4 . 2 . 4 Cannons 96 | . 1 2 1 4 2 . 6 3 1 5 17 1 . . . . . . . . 3 . . . . . . . . 3 7 3 8 11 18 AOE 65 | . 5 9 . . 3 . 3 . . . 3 . 2 . 14 . 1 . 5 . 2 . . . 13 . . . 5 . . . . . . Classes Destroyed 25 | 3 6 1 2 1 2 1 2 . . . . . . . . . 1 . . . 1 . 2 . 1 . . . 1 . . . . 1 . Worker 16 | 2 3 1 3 . . . . . . . . 1 . . . . . . . . . . . 1 . . . . . . . . . 2 3 Builder 5 | . 1 . 1 1 . 1 . . . . . . . . . . . . . . . . . . . . . . . . . . . 1 . Tunneler 11 | 7 2 1 1 . . . . . . . . . . . . . . . . . . . . . . . . . . . . . . . . Hauler 15 | . 2 . 4 4 . 2 . 1 . 1 . . . . . . . . . . . 1 . . . . . . . . . . . . . Recycler 19 | 1 . . 1 4 . 2 . . . 1 . 1 . . . . . . . . . . . 3 . . . . . . . . . 1 5 Mechanic 3 | . 1 . 1 . . 1 . . . . . . . . . . . . . . . . . . . . . . . . . . . . . Operator 4 | . . . 1 1 . 1 . . . . . . . 1 . . . . . . . . . . . . . . . . . . . . . Watcher 17 | . 2 . 3 2 . 3 1 . . . . . 1 . 1 . . . 1 . 1 . . . . . . . . . . . 1 . 1 Swarmer 114 | . 9 . 8 4 12 3 . . 6 . 6 . 4 . 18 . 5 . 10 . 7 . . . 12 1 . . 7 . 1 . 1 . . Cutter 11 | . . . . . . . 3 . . . . . . . 2 . . . 1 . . . . . . . . . . . 5 . . . . Saboteur 2 | . . . . . . . . . . . . . . . . . . . . . 2 . . . . . . . . . . . . . . Grunt 145 | . 14 2 7 5 8 2 7 6 8 3 12 2 14 . 12 . 5 . 2 3 4 1 . 1 2 2 1 . 3 3 2 . 4 6 4 Brawler 13 | . . . . . . 2 . . . . 2 . . . 4 . 1 . . . 1 . . . . . . . . 1 1 . 1 . . Duelist 12 | . . . . 1 . . . . . 1 1 . . . 4 . 3 . . . 1 . . . . . . . . . . . 1 . . Protector 1 | . . . . . . . . . . . . . . . . . . . . . . . . . . . . . 1 . . . . . . Sentry 47 | . . . 7 8 4 3 3 . 3 . 6 1 4 . . . . . . . . . . . . . 1 . 3 1 . 1 . 1 1 Demolisher 2 | . . . . . . . . . . . . . . . . . . . . . . . . . . . . . . . . . 1 1 . Specialist 5 | . . . . . . . 2 . 1 . . . . . . . . . . . . . . . 1 . . . . . . 1 . . . Hunter 23 | . . . . . 2 1 3 2 . 1 3 1 1 . . . . . . . . . . . . . . . . . 1 1 . 1 6 Programmer 55 | . . . . . 4 . 4 . 3 . 6 . . . 2 . 4 . 4 . 6 . . 1 1 1 . . 2 2 3 . 3 2 7 Heavy 1 | . . . . . . . . . . . . . . . . . . . . . . . . . . . . . . . . . . 1 . Behemoth 3 | . . . . . . . . . . . . . . . . . 1 . . . . . . . . . . . . . . . . . 2 Compactor 1 | . . . . . . . . . . . . . . . . . . . . . . . 1 . . . . . . . . . . . . Combat Programmer 2 | . . . . . . . . . . . . . . . . . . . . . . . . . . . . . . . . . . . 2 Striker 2 | . . . . . . . . . . . . . . . . . . . . . . . . . 1 . 1 . . . . . . . . Assembled 9 | . . 9 . . . . . . . . . . . . . . . . . . . . . . . . . . . . . . . . . Martyr 2 | . . . . . . . . . . . . . . . . . . . . . . . 2 . . . . . . . . . . . . Best Kill Streak 8 | 4 4 5 7 7 7 5 7 4 6 6 8 5 4 1 5 . 3 . 4 3 4 2 1 2 5 2 1 . 4 5 5 1 5 4 7 Combat Bots Only 8 | . 3 5 7 4 7 4 7 4 6 2 8 3 4 . 5 . 3 . 4 3 4 1 1 1 5 2 1 . 4 5 5 1 5 4 6 Max Kills in Single Turn 5 | 1 2 2 2 2 2 2 3 1 3 2 3 3 2 1 3 . 2 . 2 2 2 1 1 1 5 1 1 . 3 1 2 1 1 2 2 Gunslinging 1 | . 1 . 1 1 . 1 1 . 1 . . . . . 1 . 1 . . . . . . . . . . . . . . . . . . Exploded 5 | . 2 2 . . 2 . 3 . . . 3 . 1 . 3 . 1 . 2 . 2 . . . 5 . . . 3 . . . . . . Melee 1 | . . . . . . . . . . . . . . . . . . . . . . . . 1 . 1 1 . . . . . 1 . 1 Uniques/NPCs Destroyed 2 | . . . . . . . . . . . . . . . . . . . . . . . . . . . . . . . . . . . 2 MAIN.C Shell (-1/Command) MAIN.C (-1/Command) Combat | -11 -10 -10 -9 -9 -9 -8 -8 -8 -8 -8 -8 -7 -7 -7 -7 -6 -6 -6 -6 -5 -5 -4 -4 -4 -4 -3 -3 -3 -3 -2 -2 -2 -2 -1 -1 -------- Run | Yrd Mat Min Mat Sto Gar Mat Gar Mat Gar Mat Gar Fac Gar Fac Gar Fac Gar Fac Gar Fac Gar Fac Was Fac Gar Res Gar Res Gar Res Gar Res Gar Acc Com Hostile Shots Fired 2113 | . 87 44 50 56 123 29 83 41 77 9 119 29 194 . 62 . 67 . 67 1 86 . . 4 43 24 22 . 71 35 100 13 47 187 343 Missed 638 | . 16 14 18 15 27 8 17 12 25 4 38 9 87 . 28 . 22 . 24 . 23 . . 2 16 10 14 . 27 4 31 3 12 45 87 Intercepted 5 | . . . . . . . . . . . . . . . . . . . . . . . . . . . . . . . . 1 . . 4 Deflected 14 | . . . . . . . . . . . . . . . . . . . . . . . . . . . . . . 2 1 . . . 11 Hits 1475 | . 71 30 32 41 96 21 66 29 52 5 81 20 107 . 34 . 45 . 43 1 63 . . 2 27 14 8 . 44 31 69 10 35 142 256 Melee 22 | . . . . . . 2 5 . . . . . . . 2 . 1 . 1 . . . . . . . 1 . . . 10 . . . . Projectile 1453 | . 71 30 32 41 96 19 61 29 52 5 81 20 107 . 32 . 44 . 42 1 63 . . 2 27 14 7 . 44 31 59 10 35 142 256 AOE 32 | . . 10 . . . . 1 . . . . . . . 2 . 1 . . . . . . 4 1 . . . 1 . 1 1 . 3 7 Critical Strikes 74 | . . 1 1 . . 2 4 . 2 . 4 . 2 . . . 2 . 6 . 2 . . . 3 3 2 . . 2 6 1 2 10 19 Actively Blocked 40 | . . . . . . . . . . . . . . . . . . . . . . . . . . . . . . 2 6 1 2 10 19 Part Disruptions 11 | . . . . . . . . . 1 . . . . . . . . . 1 1 . . . . . . . . . . 2 . . . 6 Damage Taken 27505 | . 687 690 349 510 1084 337 1099 385 769 96 1194 198 1119 . 613 . 956 . 685 40 1093 . . 265 530 470 227 86 942 720 1452 343 923 3824 5819 Core 2464 | . 111 98 93 . 126 31 86 14 119 14 105 33 126 . 55 . 188 . 39 . 182 . . 24 81 47 44 . 109 41 . . 98 357 243 Absorbed by Shields 4225 | . . . . . 18 . . . . . 28 . . . . . . . 76 . 109 . . . 58 . 11 . 348 . 504 . . 352 2721 Regen/Repaired (Parts) 3413 | . . . . 139 . . . . . 29 . 1 432 16 318 . 579 . 414 10 414 . . 90 168 14 . . . . . . . 173 616 Core Remaining (%) 67 | 100 . 16 . . 45 . . . . . 32 . . . 69 . . . 73 . 81 . . . 90 . . . 84 . . . 90 . 62 Volleys Fired 1674 | 49 98 24 55 54 79 35 47 20 37 23 69 9 53 . 65 1 65 . 40 9 116 5 9 35 48 22 57 8 58 29 137 22 64 109 123 Largest 5 | 1 2 2 4 4 4 5 5 5 5 5 5 5 5 . 5 1 5 . 5 4 5 3 3 3 3 3 3 1 4 5 5 5 4 4 5 Hottest 270 | 50 90 80 136 102 102 152 199 169 200 200 171 134 150 . 155 5 155 . 160 135 175 103 103 103 103 100 100 10 138 215 215 261 203 228 270 Shots Fired 4440 | 49 185 33 206 203 238 174 192 80 158 68 311 38 212 . 232 1 171 . 124 15 247 7 17 45 64 36 63 8 192 91 248 48 123 221 340 Gun 2962 | 49 151 9 202 155 204 162 140 60 148 3 147 36 210 . 225 . 151 . 111 8 167 3 12 15 36 21 18 . 188 55 94 11 23 15 133 Cannon 951 | . 33 11 4 48 31 12 51 15 10 56 163 2 . . . . . . . . 8 . . . . . . . . 27 61 23 62 147 187 Launcher 45 | . 1 13 . . 3 . 1 . . . 1 . 2 . 6 . 1 . 6 . 3 . . . 4 . . . 4 . . . . . . Special 482 | . . . . . . . . 5 . 9 . . . . 1 1 19 . 7 7 69 4 5 30 24 15 45 8 . 9 93 14 38 59 20 Kinetic 3649 | . 57 9 192 203 235 162 162 60 158 59 309 38 210 . 225 . 151 . 111 8 175 3 12 15 36 21 18 . 188 82 155 34 85 162 314 Thermal 170 | 49 47 11 . . . 12 29 15 . . 1 . . . . . . . . . . . . . . . . . . . . . . . 6 Explosive 45 | . 1 13 . . 3 . 1 . . . 1 . 2 . 6 . 1 . 6 . 3 . . . 4 . . . 4 . . . . . . Electromagnetic 94 | . 80 . 14 . . . . . . . . . . . . . . . . . . . . . . . . . . . . . . . . Robot Hit Streak 22 | 6 15 14 13 13 19 11 8 8 8 6 9 6 16 . 10 2 7 . 5 7 22 3 8 9 11 12 12 14 20 15 15 7 10 6 10 Robot Miss Streak 15 | 2 11 2 4 5 3 5 7 4 4 15 5 3 5 . 6 . 5 . 4 2 5 2 2 3 2 2 4 . 4 6 5 4 4 6 7 Penetration Max 2 | . . . . . . . . . . 1 . . 1 . 1 . 1 . 2 1 1 . 1 1 1 1 1 . 1 1 1 1 . 1 1 Secondary Targets 34 | . 1 . 3 1 4 1 1 . 7 . . . 6 . 3 . 5 . . . 1 . . . . 1 . . . . . . . . . Max Gunslinging Chain 2 | . 1 . 2 1 1 1 1 . 1 . . . 1 . 1 . 1 . . . 1 . . . . 1 . . . . . . . . . Shots Hit Robots 2511 | 31 105 21 115 108 118 97 138 47 115 24 144 27 133 1 115 1 101 . 52 9 165 6 22 36 37 33 49 8 117 46 127 26 56 109 172 Core Hits 1058 | 11 44 23 54 48 47 39 72 18 42 10 57 13 80 1 76 . 45 . 26 5 47 2 7 7 23 10 5 . 54 20 32 10 17 28 85 Critical Kills 8 | . . . . . . . . 1 1 . . . . . . . . . . . 1 . 1 . . . . . . 1 1 . . . 2 Critical Parts Destroyed 20 | . . . . 2 3 1 2 . 2 . 1 . . . 3 . 1 . 1 . . . . . . 2 . . 1 . 1 . . . . Critical Strikes 84 | 1 1 . . 2 3 1 6 1 4 . 11 . 3 . 7 . 5 . 1 . 4 . 3 1 . 3 . . 3 1 3 1 2 7 10 Burn 2 | 1 1 . . . . . . . . . . . . . . . . . . . . . . . . . . . . . . . . . . Destroy 31 | . . . . 2 3 1 2 1 3 . 1 . . . 3 . 2 . 1 . 1 . 1 . . 2 . . 3 1 2 . . . 2 Blast 30 | . . . . . . . . . 1 . 10 . . . . . . . . . . . . . . . . . . . 1 1 2 7 8 Sever 4 | . . . . . . . 4 . . . . . . . . . . . . . . . . . . . . . . . . . . . . Impale 17 | . . . . . . . . . . . . . 3 . 4 . 3 . . . 3 . 2 1 . 1 . . . . . . . . . Melee Attacks 430 | . . . . 1 34 4 45 . 37 . 29 9 29 2 15 . 23 1 9 . 76 3 9 10 8 9 35 . 29 . . . 3 . 10 Impact 2 | . . . . . . . . . . . . . . . . . . . . . . . . . . . . . 2 . . . . . . Slashing 80 | . . . . 1 34 . 45 . . . . . . . . . . . . . . . . . . . . . . . . . . . . Piercing 303 | . . . . . . . . . 11 . 24 . 29 2 15 . 23 1 9 . 76 3 9 10 8 9 35 . 27 . . . 3 . 9 Sneak Attacks 89 | . . . . 1 . 4 . . 26 . 5 8 1 . 1 . 2 . 2 . 2 1 9 5 1 3 10 . . . . . 1 . 7 Combat Hostiles . | . . . . . . . . . . . . . . . . . . . . . . . . . . . . . . . . . . . . Follow-up Attacks . | . . . . . . . . . . . . . . . . . . . . . . . . . . . . . . . . . . . . Damage Inflicted 66144 | 391 1870 987 1787 1816 2134 1513 3548 764 1804 569 3965 368 3476 73 4108 . 3194 . 1963 155 4129 242 847 705 1998 764 794 . 4760 1415 2068 601 1312 3916 8108 Guns 31937 | 391 1202 74 1744 1484 1645 1279 1350 583 1560 . 1218 312 1740 . 2627 . 1808 . 1316 155 2245 30 281 300 496 475 96 . 2655 938 1163 157 264 200 2149 Cannons 16169 | . 314 158 43 265 181 234 555 181 135 569 2080 56 . . . . . . . . 404 . . . . . . . . 470 905 421 968 3098 5132 Explosions 6024 | . 354 755 . . 230 . 133 . . . 195 . 353 . 993 . 105 . 493 . 90 . . . 1344 . . . 789 . . . . 190 . Melee 11433 | . . . . 67 78 . 1510 . 109 . 472 . 1383 73 488 . 1281 . 154 . 1390 212 566 405 158 289 698 . 1316 . . . 80 . 704 Ramming 581 | . . . . . . . . . . . . . . . . . . . . . . . . . . . . . . 7 . 23 . 428 123 Kinetic 45500 | . 419 74 1562 1749 1826 1279 1609 583 1695 569 3274 368 1740 . 2627 . 1808 . 1316 155 2649 30 281 300 496 475 96 . 2655 1408 2068 578 1232 3298 7281 Thermal 1961 | 391 677 158 . . . 234 296 181 . . 24 . . . . . . . . . . . . . . . . . . . . . . . . Explosive 5773 | . 103 755 . . 230 . 133 . . . 195 . 353 . 993 . 105 . 493 . 90 . . . 1344 . . . 789 . . . . 190 . Electromagnetic 896 | . 671 . 225 . . . . . . . . . . . . . . . . . . . . . . . . . . . . . . . . Impact . | . . . . . . . . . . . . . . . . . . . . . . . . . . . . . . . . . . . . Slashing 1655 | . . . . 67 78 . 1510 . . . . . . . . . . . . . . . . . . . . . . . . . . . . Piercing 9778 | . . . . . . . . . 109 . 472 . 1383 73 488 . 1281 . 154 . 1390 212 566 405 158 289 698 . 1316 . . . 80 . 704 Highest Corruption 28 | . . . . . 2 . . . 1 1 2 . . . 1 . . . . . 4 . . . . 1 1 2 9 2 11 11 14 20 28 Average Corruption 6 | . . . . . 1 . . . 1 1 1 . . . 1 . . . . . 3 . . . . 1 1 1 8 1 6 11 13 8 18 Corruption Purged 17 | . . . . . . . . . . . . . . . . . . . . . . . . . . . . . . . . . . . 17 Corruption Blocked . | . . . . . . . . . . . . . . . . . . . . . . . . . . . . . . . . . . . . Effects 415 | . . . . . 12 . . . 4 6 17 . . . 15 . . . . . 34 . . . . 1 6 2 66 3 49 18 47 23 112 Message Errors 106 | . . . . . 4 . . . . 3 4 . . . 7 . . . . . 12 . . . . 1 2 . 19 . 7 3 8 11 25 Matter Fused 81 | . . . . . 3 . . . 1 1 1 . . . 6 . . . . . 5 . . . . . . 2 15 2 14 4 6 . 21 Heat Flow Errors 51 | . . . . . 2 . . . . . 2 . . . 1 . . . . . 6 . . . . . . . 3 . 4 2 13 2 16 Energy Discharges 61 | . . . . . 2 . . . 1 . 4 . . . 1 . . . . . 2 . . . . . 3 . 10 . 7 2 6 2 21 Parts Rejected 5 | . . . . . . . . . . 1 . . . . . . . . . . . . . . . . 1 . . . . . 2 1 . Parts Fused 5 | . . . . . 1 . . . . . . . . . . . . . . . . . . . . . . . 1 . 1 1 . . 1 Data Loss (minor) 42 | . . . . . . . . . . 1 1 . . . . . . . . . 6 . . . . . . . 8 . 5 3 6 2 10 Data Loss (major) 12 | . . . . . . . . . . . 2 . . . . . . . . . 1 . . . . . . . . . 4 . 1 2 2 Misfires 21 | . . . . . . . . . . . 2 . . . . . . . . . 1 . . . . . . . 6 . 5 1 2 . 4 Alerts 13 | . . . . . . . . . 2 . 1 . . . . . . . . . . . . . . . . . 1 1 1 2 2 . 3 Misdirections 2 | . . . . . . . . . . . . . . . . . . . . . . . . . . . . . . . . . 1 1 . Weapon Failures 16 | . . . . . . . . . . . . . . . . . . . . . 1 . . . . . . . 3 . 1 . . 2 9 Overload Shots . | . . . . . . . . . . . . . . . . . . . . . . . . . . . . . . . . . . . . Overflow Damage 1711 | . 30 23 . 27 . 10 58 . . . 82 . 65 . 119 . 55 . 59 . 121 . 87 83 66 53 44 . 129 . 27 4 21 217 331 Projectiles 513 | . . . . . . 10 4 . . . 54 . . . . . . . . . . . . . . . . . . . 27 . 21 170 227 Explosions 318 | . 30 23 . . . . 7 . . . 28 . . . 49 . . . 19 . . . . . 66 . . . 96 . . . . . . Melee 880 | . . . . 27 . . 47 . . . . . 65 . 70 . 55 . 40 . 121 . 87 83 . 53 44 . 33 . . 4 . 47 104 Knockbacks 107 | . . . . 1 1 . 10 . . 6 23 . . . . . . . . . 2 . . . . . . . . . 10 3 1 23 27 Impact 4 | . . . . . . . . . . . . . . . . . . . . . . . . . . . . . . . . . . 2 2 Kinetic 95 | . . . . 1 1 . 10 . . 6 20 . . . . . . . . . 2 . . . . . . . . . 8 3 1 18 25 Secondary 8 | . . . . . . . . . . . 3 . . . . . . . . . . . . . . . . . . . 2 . . 3 . Self-Inflicted Damage 455 | . . 10 . . . . 40 . . . . . . . . . . . 84 . . . . . . . . . 45 . . . . 276 . Shots 5 | . . 1 . . . . 1 . . . . . . . . . . . 2 . . . . . . . . . 1 . . . . . . Rammed . | . . . . . . . . . . . . . . . . . . . . . . . . . . . . . . . . . . . . Targets Rammed 10 | . . . . . . . . . . . . . . . . . . . . . . . . . . . . . . 2 . 1 . 5 2 Kicked 10 | . . . . . . . . . . . . . . . . . . . . . . . . . . . . . . 2 . 1 . 5 2 Crushed . | . . . . . . . . . . . . . . . . . . . . . . . . . . . . . . . . . . . . Highest Temperature 551 | 110 270 153 66 . 254 156 322 181 63 189 342 129 338 . 194 . 218 . 270 59 217 . . 21 39 48 15 . 267 219 421 212 236 271 551 Average Temperature 72 | 39 57 52 21 . 31 40 100 74 15 65 89 48 59 . 26 . 69 . 78 30 38 . . 13 18 18 8 . 86 86 111 73 77 78 125 Received Heat Transfer 3789 | . 246 85 99 144 126 117 306 99 252 36 438 39 447 . 90 . 160 . 84 9 169 . . 30 100 45 30 . 79 81 80 27 54 191 126 Effects 16 | . 2 . . . . . 1 . . . 3 . 3 . . . . . . . . . . . . . . . . . 1 . . . 6 Shutdowns 2 | . . . . . . . . . . . . . . . . . . . . . . . . . . . . . . . 1 . . . 1 Energy Bleed 3 | . 2 . . . . . . . . . . . . . . . . . . . . . . . . . . . . . . . . . 1 Interference 6 | . . . . . . . . . . . 3 . 3 . . . . . . . . . . . . . . . . . . . . . . Short Circuit 5 | . . . . . . . 1 . . . . . . . . . . . . . . . . . . . . . . . . . . . 4 Siege Activations . | . . . . . . . . . . . . . . . . . . . . . . . . . . . . . . . . . . . . Martial Activations . | . . . . . . . . . . . . . . . . . . . . . . . . . . . . . . . . . . . . Shielding Activations 10 | . . . . . . . . . . . . . . . . . . . . . . . . . . . . . . 3 2 . . 1 4 Total Turns 249 | . . . . . . . . . . . . . . . . . . . . . . . . . . . . . . 49 69 . . 11 120 Longest Duration 44 | . . . . . . . . . . . . . . . . . . . . . . . . . . . . . . 20 42 . . 11 44 Robots Disrupted 1 | . 1 . . . . . . . . . . . . . . . . . . . . . . . . . . . . . . . . . . Combat Hostiles 1 | . 1 . . . . . . . . . . . . . . . . . . . . . . . . . . . . . . . . . . Robots Corrupted 3 | . 1 . . . . . . . . . . . . . . . . . . . . . . . . . . . . . . . . 1 1 Combat Hostiles 1 | . 1 . . . . . . . . . . . . . . . . . . . . . . . . . . . . . . . . . . Parts Fried 10 | . 4 . 1 . . . . . . . . . . . . . . . . . . . . . . . . . . . . . . 3 2 Impact Corruptions 5 | . . . . . . . . . . . . . . . . . . . . . . . . . . . . . . . . 1 . 3 1 Robots Melted . | . . . . . . . . . . . . . . . . . . . . . . . . . . . . . . . . . . . . Combat Hostiles . | . . . . . . . . . . . . . . . . . . . . . . . . . . . . . . . . . . . . Parts Melted 8 | 4 1 1 . . . . . . . . . . . . . . . . . . . . 1 . . . . . . . . . 1 . . Heat Transferred 4198 | 1221 1423 333 . . . 370 518 296 . . 37 . . . . . . . . . . . . . . . . . . . . . . . . Parts Sabotaged . | . . . . . . . . . . . . . . . . . . . . . . . . . . . . . . . . . . . . Parts Stolen . | . . . . . . . . . . . . . . . . . . . . . . . . . . . . . . . . . . . . Parts Stripped . | . . . . . . . . . . . . . . . . . . . . . . . . . . . . . . . . . . . . Power Chain Reactions 3 | . 3 . . . . . . . . . . . . . . . . . . . . . . . . . . . . . . . . . . Alert | -11 -10 -10 -9 -9 -9 -8 -8 -8 -8 -8 -8 -7 -7 -7 -7 -6 -6 -6 -6 -5 -5 -4 -4 -4 -4 -3 -3 -3 -3 -2 -2 -2 -2 -1 -1 ------- Run | Yrd Mat Min Mat Sto Gar Mat Gar Mat Gar Mat Gar Fac Gar Fac Gar Fac Gar Fac Gar Fac Gar Fac Was Fac Gar Res Gar Res Gar Res Gar Res Gar Acc Com Maximum Alert Level 5 | . 1 . 1 1 4 2 3 3 3 2 3 2 3 2 4 3 4 3 3 2 5 3 1 1 4 2 3 2 5 3 4 3 4 5 5 Low Security (%) 14 | 100 55 100 68 64 5 . . . . 11 13 . . . . . . . . . . . 72 98 . . . . . . . . . . . Level 1 11 | . 44 . 31 35 10 . 9 . . 60 22 18 7 . 2 . . . . 35 8 . 27 1 10 73 9 . . . . . . . . Level 2 17 | . . . . . 24 100 24 80 28 28 38 81 40 100 13 . 10 . 21 64 5 . . . 10 26 31 100 7 . 9 58 2 . . Level 3 30 | . . . . . 32 . 65 19 71 . 24 . 52 . 26 100 45 100 78 . 29 100 . . 44 . 58 . 23 100 41 41 18 75 16 Level 4 20 | . . . . . 26 . . . . . . . . . 57 . 44 . . . 50 . . . 34 . . . 36 . 48 . 78 20 37 Level 5 5 | . . . . . . . . . . . . . . . . . . . . . 6 . . . . . . . 32 . . . . 1 45 High Security . | . . . . . . . . . . . . . . . . . . . . . . . . . . . . . . . . . . 2 . Max Security . | . . . . . . . . . . . . . . . . . . . . . . . . . . . . . . . . . . . . Peak Influence 2031 | 15 298 158 275 305 1205 668 1066 738 1012 592 879 461 911 478 1558 817 1430 751 1068 636 1670 945 323 215 1182 664 868 514 1694 980 1493 927 1564 1749 2031 Initial 1100 | . . 108 . 105 109 586 344 519 465 493 61 461 289 478 295 817 543 750 518 556 245 876 323 . 144 664 326 488 387 952 582 839 686 938 1100 Average 758 | 1 177 41 135 170 756 584 763 586 828 343 510 419 679 454 1133 800 1049 748 893 487 1147 879 124 65 933 406 673 462 1284 872 1078 720 1295 1089 1271 Influence Increases 25361 | 50 868 113 815 685 1246 366 772 357 697 244 918 122 672 4 1283 . 997 1 593 190 1535 129 . 944 1218 424 832 138 1657 304 1191 824 1118 1820 2234 Destroy 0b10 Robot/C 10640 | . 460 40 460 360 660 220 440 200 480 90 540 60 420 . 630 . 360 . 270 60 435 45 . 345 390 180 240 45 630 135 450 300 390 585 720 Destroy 0b10 Robot/NC 698 | 50 55 10 75 60 5 50 35 5 5 20 8 8 32 4 16 . 20 . 4 . 32 4 . 36 4 8 4 . 36 8 . 8 4 44 48 Destroy Leader 1488 | . 108 10 134 122 30 70 40 42 48 24 40 24 24 . 40 . 32 . 32 8 32 10 . 60 56 28 . 16 56 32 48 48 40 112 122 Allied During Kill 4488 | . . . 2 . 21 . . 14 19 34 51 28 108 . 23 . 56 . 74 41 264 41 . 423 384 177 221 61 417 30 284 351 425 501 438 Trap Triggered on 0b10 10 | . . . . . . 10 . . . . . . . . . . . . . . . . . . . . . . . . . . . . . Successful Hack 542 | . 48 . 49 60 28 12 28 8 14 33 . 2 11 . 11 . 23 . 11 3 17 3 . 32 6 17 22 14 . 18 . 30 . . 42 Select Force Hacks 60 | . 60 . . . . . . . . . . . . . . . . . . . . . . . . . . . . . . . . . . Disable Machine 630 | . 75 . 30 30 . . . 75 . 12 . . . . 24 . . . 36 36 12 12 . 36 12 12 12 . 36 12 12 12 12 48 84 Anti-Garrison Action 3588 | . . . . . 350 . 150 . 100 . 227 . . . 303 . 377 . 114 . 567 . . . 190 . 265 . 340 . 302 . 190 113 . Destroy Structure 2692 | . 17 53 5 8 137 4 79 13 31 31 28 . 41 . 92 . 93 1 52 18 152 14 . 12 164 2 56 2 142 69 95 75 57 369 780 Partial Spotted 87 | . . . 15 . . . . . . . . . . . 24 . . . . 12 12 . . . 12 . 12 . . . . . . . . Lose Combat Pursuer 438 | . 45 . 45 45 15 . . . . . 24 . 36 . 120 . 36 . . 12 12 . . . . . . . . . . . . 48 . Influence Decreases 22729 | 50 589 392 565 767 209 1041 236 707 401 1161 134 588 174 493 147 781 344 690 273 900 216 874 925 737 243 1171 399 490 479 1222 474 1402 469 1670 1316 Entered New Map 11780 | . . 171 . 145 59 619 186 547 251 519 34 418 124 433 127 741 234 680 223 505 106 794 602 . 63 518 109 380 129 742 194 654 229 626 618 Time Decay 5375 | 50 559 171 385 517 . 422 . 140 . 342 . 160 . 60 . 40 . 10 . 110 . 40 303 248 . 238 . 80 . 310 . 238 . 434 518 Lost Part 670 | . 30 50 10 . 70 . 50 . 30 . 30 10 . . 20 . 30 . 50 10 70 . . . 20 10 . 10 30 . 20 . . 60 60 Lost Ally 3372 | . . . 20 . 80 . . 20 120 . 70 . 50 . . . 80 . . . 40 40 20 212 160 130 290 20 320 170 260 360 240 550 120 Purge Threat 1532 | . . . 150 105 . . . . . 300 . . . . . . . . . 275 . . . 277 . 275 . . . . . 150 . . . Squads Dispatched 53 | . 6 . 1 3 . 1 . 2 . . . 1 . . . . . . . . . 1 . 5 . 2 . 2 . 2 . 6 . 13 8 Investigation 9 | . 4 . . 2 . . . . . . . . . . . . . . . . . . . 1 . . . 1 . . . 1 . . . Extermination 10 | . . . . . . . . . . . . . . . . . . . . . . . . 1 . 1 . . . 2 . 1 . 2 3 Reinforcement 16 | . 2 . 1 1 . . . . . . . 1 . . . . . . . . . 1 . 1 . . . 1 . . . 2 . 6 . Assault 12 | . . . . . . 1 . . . . . . . . . . . . . . . . . . . 1 . . . . . 1 . 4 5 Garrison 6 | . . . . . . . . 2 . . . . . . . . . . . . . . . 2 . . . . . . . 1 . 1 . Intercept . | . . . . . . . . . . . . . . . . . . . . . . . . . . . . . . . . . . . . Searches Triggered . | . . . . . . . . . . . . . . . . . . . . . . . . . . . . . . . . . . . . Unchained Authorized 3 | . . . . . . . . . . . . . . . . . . . . . . . . . . . . . . 1 . 1 . 1 . Construction Impeded . | . . . . . . . . . . . . . . . . . . . . . . . . . . . . . . . . . . . . Haulers Reinforced 3 | . . . . . . . . . . . . 1 . . . . . . . . . 1 . . . . . . . . . . . 1 . Active Scanning Responses . | . . . . . . . . . . . . . . . . . . . . . . . . . . . . . . . . . . . . Cargo Convoy Interrupts . | . . . . . . . . . . . . . . . . . . . . . . . . . . . . . . . . . . . . Stealth | -11 -10 -10 -9 -9 -9 -8 -8 -8 -8 -8 -8 -7 -7 -7 -7 -6 -6 -6 -6 -5 -5 -4 -4 -4 -4 -3 -3 -3 -3 -2 -2 -2 -2 -1 -1 --------- Run | Yrd Mat Min Mat Sto Gar Mat Gar Mat Gar Mat Gar Fac Gar Fac Gar Fac Gar Fac Gar Fac Gar Fac Was Fac Gar Res Gar Res Gar Res Gar Res Gar Acc Com Distress Signals 31 | . 1 . . 3 . 1 1 3 . 1 . . . . . . . . . . . 1 . 2 . 2 . 1 1 . . . . 1 13 Communications Jammed 180 | . . . . . . . . 7 . . . 1 . . . . . . 8 4 . 4 . 27 . 50 . . . . . 19 . 40 20 Distress Signals 179 | . . . . . . . . 7 . . . 1 . . . . . . 8 4 . 4 . 27 . 50 . . . . . 18 . 40 20 Times Spotted 855 | . 39 14 30 23 32 19 22 12 25 13 34 5 32 2 40 . 32 . 23 5 32 7 6 23 25 30 33 . 38 13 43 29 42 63 69 Peak Tracking Total 11 | . 5 6 4 5 5 4 6 5 3 3 5 2 6 2 5 . 4 . 6 5 5 7 4 4 5 7 6 . 8 4 5 10 11 9 9 Tactical Retreats 24 | . 1 . 2 3 1 . . . . . 1 . 2 . 7 . 2 . . 1 1 . . . . . . . . . . . . 3 . Traps | -11 -10 -10 -9 -9 -9 -8 -8 -8 -8 -8 -8 -7 -7 -7 -7 -6 -6 -6 -6 -5 -5 -4 -4 -4 -4 -3 -3 -3 -3 -2 -2 -2 -2 -1 -1 ------- Run | Yrd Mat Min Mat Sto Gar Mat Gar Mat Gar Mat Gar Fac Gar Fac Gar Fac Gar Fac Gar Fac Gar Fac Was Fac Gar Res Gar Res Gar Res Gar Res Gar Acc Com Traps Triggered 96 | . 1 . . . 4 . 5 1 . . 10 . 4 1 7 . 13 . 2 . 5 1 . 1 12 . 10 1 3 . 6 . 3 1 5 Indirectly . | . . . . . . . . . . . . . . . . . . . . . . . . . . . . . . . . . . . . Trap Hack Attempts 29 | . . . . 4 . 4 11 . 10 . . . . . . . . . . . . . . . . . . . . . . . . . . Triggered . | . . . . . . . . . . . . . . . . . . . . . . . . . . . . . . . . . . . . Disarmed 2 | . . . . 1 . . 1 . . . . . . . . . . . . . . . . . . . . . . . . . . . . Reprogrammed 2 | . . . . . . 1 . . 1 . . . . . . . . . . . . . . . . . . . . . . . . . . Reused 1 | . . . . . . 1 . . . . . . . . . . . . . . . . . . . . . . . . . . . . . Traps Extracted . | . . . . . . . . . . . . . . . . . . . . . . . . . . . . . . . . . . . . Installed . | . . . . . . . . . . . . . . . . . . . . . . . . . . . . . . . . . . . . Triggered 1 | . . . . . . 1 . . . . . . . . . . . . . . . . . . . . . . . . . . . . . Machines | -11 -10 -10 -9 -9 -9 -8 -8 -8 -8 -8 -8 -7 -7 -7 -7 -6 -6 -6 -6 -5 -5 -4 -4 -4 -4 -3 -3 -3 -3 -2 -2 -2 -2 -1 -1 ---------- Run | Yrd Mat Min Mat Sto Gar Mat Gar Mat Gar Mat Gar Fac Gar Fac Gar Fac Gar Fac Gar Fac Gar Fac Was Fac Gar Res Gar Res Gar Res Gar Res Gar Acc Com Machines Disabled 112 | . 5 . 2 2 4 . 5 5 1 1 3 . . . 9 . 5 . 6 3 9 1 . 3 6 1 6 . 8 1 5 1 8 5 7 Max in Single Turn 2 | . 1 . 1 1 1 . 2 1 1 . 1 . . . 2 . 1 . 2 1 1 1 . 1 1 . 1 . 1 1 1 1 1 2 1 Garrison Access 1 | . . . . . . . . . . . . . . . . . . . . . . . . . . . . . . . . . . 1 . Garrison Relay 52 | . . . . . 4 . 2 . 1 . 3 . . . 5 . 3 . 3 . 7 . . . 5 . 5 . 5 . 4 . 5 . . Phase Generator 3 | . . . . . . . 1 . . . . . . . 1 . 1 . . . . . . . . . . . . . . . . . . Machines Repaired . | . . . . . . . . . . . . . . . . . . . . . . . . . . . . . . . . . . . . Machines Dismantled 2 | . . . . . . . . . . . . . . . . . . . . 2 . . . . . . . . . . . . . . . Machines Sabotaged . | . . . . . . . . . . . . . . . . . . . . . . . . . . . . . . . . . . . . Overloaded Fab Kills . | . . . . . . . . . . . . . . . . . . . . . . . . . . . . . . . . . . . . Hacking | -11 -10 -10 -9 -9 -9 -8 -8 -8 -8 -8 -8 -7 -7 -7 -7 -6 -6 -6 -6 -5 -5 -4 -4 -4 -4 -3 -3 -3 -3 -2 -2 -2 -2 -1 -1 --------- Run | Yrd Mat Min Mat Sto Gar Mat Gar Mat Gar Mat Gar Fac Gar Fac Gar Fac Gar Fac Gar Fac Gar Fac Was Fac Gar Res Gar Res Gar Res Gar Res Gar Acc Com Machines Accessed 137 | . 9 . 12 15 4 6 2 2 2 5 5 5 1 3 2 1 2 1 2 3 3 2 . 12 4 7 2 3 2 2 1 8 3 3 3 Terminals 96 | . 6 . 10 10 4 3 2 . 2 4 5 2 1 1 2 . 2 . 2 2 3 . . 7 4 3 2 1 2 . 1 6 3 3 3 Fabricators 3 | . . . . . . . . . . . . . . . . . . . . . . 1 . 1 . 1 . . . . . . . . . Repair Stations 7 | . 1 . . 2 . . . . . . . 1 . 1 . . . . . . . . . . . 1 . . . . . 1 . . . Recycling Units 7 | . 2 . . 2 . . . 1 . . . . . . . . . . . . . . . 1 . . . 1 . . . . . . . Scanalyzers 10 | . . . 2 . . 2 . . . . . 1 . . . . . . . . . 1 . 2 . 1 . . . 1 . . . . . Garrison Access 14 | . . . . 1 . 1 . 1 . 1 . 1 . 1 . 1 . 1 . 1 . . . 1 . 1 . 1 . 1 . 1 . . . Total Hacks 314 | . 28 . 38 48 9 14 3 5 4 15 12 10 2 5 2 1 2 1 4 7 7 5 . 27 6 13 2 5 4 4 3 13 5 6 4 Successful 146 | . 16 . 25 31 4 3 2 3 1 9 2 4 1 2 1 1 2 1 1 3 3 2 . 10 1 4 2 2 1 2 . 4 . . 3 Failed 167 | . 12 . 12 17 5 11 1 2 3 6 10 6 1 3 1 . . . 3 4 4 3 . 17 5 9 . 3 3 2 3 9 5 6 1 Catastrophic 38 | . . . . 2 1 2 . . 1 2 4 . . 1 1 . . . 1 2 1 . . 6 1 2 . 1 1 . 1 6 2 . . Database Lockouts 1 | . . . 1 . . . . . . . . . . . . . . . . . . . . . . . . . . . . . . . . Manual 96 | . 15 . 17 16 . 6 . 3 . 7 . 2 . 4 . 1 . . . 2 1 4 . 11 . 4 . 1 . . . 2 . . . Terminals 223 | . 22 . 29 34 9 7 3 . 4 13 12 3 2 1 2 . 2 . 4 5 7 . . 17 6 6 2 1 4 . 3 10 5 6 4 Fabricators 10 | . . . . . . . . . . . . . . . . . . . . . . 4 . 3 . 3 . . . . . . . . . Repair Stations 16 | . 4 . . 6 . . . . . . . 2 . 2 . . . . . . . . . . . 1 . . . . . 1 . . . Recycling Units 9 | . 2 . . 3 . . . 1 . . . . . . . . . . . . . . . 1 . . . 2 . . . . . . . Scanalyzers 26 | . . . 9 . . 5 . . . . . 3 . . . . . . . . . 1 . 4 . 1 . . . 3 . . . . . Garrison Access 30 | . . . . 5 . 2 . 4 . 2 . 2 . 2 . 1 . 1 . 2 . . . 2 . 2 . 2 . 1 . 2 . . . Terminal Hacks 70 | . 6 . 12 16 4 . 2 . 1 5 2 . 1 . 1 . 2 . 1 2 2 . . 4 1 . 2 . 1 . . 2 . . 3 Record 1 | . . . . . . . . . . . . . . . . . . . . . . . . . . . . . . . . 1 . . . Part Schematic 3 | . 1 . . 2 . . . . . . . . . . . . . . . . . . . . . . . . . . . . . . . Robot Analysis 1 | . . . . 1 . . . . . . . . . . . . . . . . . . . . . . . . . . . . . . . Prototype ID Bank 7 | . 2 . 3 1 . . . . . 1 . . . . . . . . . . . . . . . . . . . . . . . . . Open Door 9 | . . . . 4 1 . . . . . 1 . . . . . . . . . 1 . . . 1 . . . . . . . . . 1 Branch Access Points 1 | . . . 1 . . . . . . . . . . . . . . . . . . . . . . . . . . . . . . . . Emergency Access Points 5 | . . . . . 1 . . . . . . . . . 1 . 1 . . . . . . . . . 1 . 1 . . . . . . Terminal Index 2 | . . . . . . . . . . . . . . . . . . . . 1 . . . . . . . . . . . . . . 1 Alert Level 3 | . . . 1 2 . . . . . . . . . . . . . . . . . . . . . . . . . . . . . . . Unreport Threat 6 | . . . 1 1 . . . . . 2 . . . . . . . . . . . . . 1 . . . . . . . 1 . . . Locate Traps 11 | . 2 . 2 2 . . . . . . . . . . . . . . . 1 . . . 3 . . . . . . . . . . 1 Hauler Manifests 6 | . 1 . 2 2 . . . . . 1 . . . . . . . . . . . . . . . . . . . . . . . . . Registered Components 2 | . . . . 1 . . . . . 1 . . . . . . . . . . . . . . . . . . . . . . . . . Registered Prototypes 1 | . . . 1 . . . . . . . . . . . . . . . . . . . . . . . . . . . . . . . . Zone Layout 1 | . . . 1 . . . . . . . . . . . . . . . . . . . . . . . . . . . . . . . . Garrison Registry 7 | . . . . . 1 . 1 . 1 . 1 . 1 . . . . . 1 . 1 . . . . . . . . . . . . . . Patrol Navigation 3 | . . . . . 1 . 1 . . . . . . . . . . . . . . . . . . . 1 . . . . . . . . Security Stations 1 | . . . . . . . . . . . . . . . . . 1 . . . . . . . . . . . . . . . . . . Fabricator Hacks 3 | . . . . . . . . . . . . . . . . . . . . . . 1 . 1 . 1 . . . . . . . . . Network Status 3 | . . . . . . . . . . . . . . . . . . . . . . 1 . 1 . 1 . . . . . . . . . Repair Station Hacks 6 | . 2 . . 4 . . . . . . . . . . . . . . . . . . . . . . . . . . . . . . . Scan Component 4 | . 2 . . 2 . . . . . . . . . . . . . . . . . . . . . . . . . . . . . . . Repair 2 | . . . . 2 . . . . . . . . . . . . . . . . . . . . . . . . . . . . . . . Recycling Unit Hacks 3 | . . . . 2 . . . 1 . . . . . . . . . . . . . . . . . . . . . . . . . . . Retrieve Components 3 | . . . . 2 . . . 1 . . . . . . . . . . . . . . . . . . . . . . . . . . . Scanalyzer 13 | . . . 7 . . 2 . . . . . 2 . . . . . . . . . . . 1 . . . . . 1 . . . . . Insert Component 2 | . . . 2 . . . . . . . . . . . . . . . . . . . . . . . . . . . . . . . . Analyze 1 | . . . 1 . . . . . . . . . . . . . . . . . . . . . . . . . . . . . . . . Retrieve Study 10 | . . . 4 . . 2 . . . . . 2 . . . . . . . . . . . 1 . . . . . 1 . . . . . Garrison Access Hacks 14 | . . . . 1 . 1 . 1 . 1 . 1 . 1 . 1 . 1 . 1 . . . 1 . 1 . 1 . 1 . 1 . . . Unlock Access 14 | . . . . 1 . 1 . 1 . 1 . 1 . 1 . 1 . 1 . 1 . . . 1 . 1 . 1 . 1 . 1 . . . Unauthorized Hacks 37 | . 8 . 6 8 . . . 1 . 3 . 1 . 1 . . . . . . 1 1 . 3 . 2 . 1 . . . 1 . . . Terminals 23 | . 6 . 6 6 . . . . . 2 . . . . . . . . . . 1 . . 2 . . . . . . . . . . . Track 2 | . . . 1 1 . . . . . . . . . . . . . . . . . . . . . . . . . . . . . . . Assimilate 2 | . . . . 1 . . . . . . . . . . . . . . . . . . . 1 . . . . . . . . . . . Botnet 3 | . . . . 3 . . . . . . . . . . . . . . . . . . . . . . . . . . . . . . . Operators 3 | . 1 . . 1 . . . . . . . . . . . . . . . . . . . 1 . . . . . . . . . . . Skim 12 | . 5 . 5 . . . . . . 2 . . . . . . . . . . . . . . . . . . . . . . . . . Override 1 | . . . . . . . . . . . . . . . . . . . . . 1 . . . . . . . . . . . . . . Fabricators 3 | . . . . . . . . . . . . . . . . . . . . . . 1 . 1 . 1 . . . . . . . . . Haulers 3 | . . . . . . . . . . . . . . . . . . . . . . 1 . 1 . 1 . . . . . . . . . Repair Stations 4 | . . . . . . . . . . . . 1 . 1 . . . . . . . . . . . 1 . . . . . 1 . . . Mechanics 4 | . . . . . . . . . . . . 1 . 1 . . . . . . . . . . . 1 . . . . . 1 . . . Recycling Units 3 | . 2 . . 1 . . . . . . . . . . . . . . . . . . . . . . . . . . . . . . . Reject 1 | . . . . 1 . . . . . . . . . . . . . . . . . . . . . . . . . . . . . . . Tunnel 2 | . 2 . . . . . . . . . . . . . . . . . . . . . . . . . . . . . . . . . . Scanalyzers . | . . . . . . . . . . . . . . . . . . . . . . . . . . . . . . . . . . . . Garrison Access 4 | . . . . 1 . . . 1 . 1 . . . . . . . . . . . . . . . . . 1 . . . . . . . Reprogram 4 | . . . . 1 . . . 1 . 1 . . . . . . . . . . . . . . . . . 1 . . . . . . . Data Cores Recovered 5 | . . . 1 . . 1 . . . . . . . 1 . . . . . . . . . 1 . . . . . . . 1 . . . Used 1 | . . . 1 . . . . . . . . . . . . . . . . . . . . . . . . . . . . . . . . Hacking Detections 112 | . 7 . 10 8 3 5 2 1 2 5 5 5 1 3 2 1 2 . 2 3 3 2 . 12 3 5 . 2 1 1 1 7 3 3 2 Full Trace Events 8 | . 1 . . 1 1 . . . 1 . 1 . . . . . . . . . 1 . . 1 . . . . . . . 1 . . . Feedback Events . | . . . . . . . . . . . . . . . . . . . . . . . . . . . . . . . . . . . . Feedback Blocked . | . . . . . . . . . . . . . . . . . . . . . . . . . . . . . . . . . . . . Robot Schematics Acquired . | . . . . . . . . . . . . . . . . . . . . . . . . . . . . . . . . . . . . Robots Built . | . . . . . . . . . . . . . . . . . . . . . . . . . . . . . . . . . . . . Authchips . | . . . . . . . . . . . . . . . . . . . . . . . . . . . . . . . . . . . . Time . | . . . . . . . . . . . . . . . . . . . . . . . . . . . . . . . . . . . . Total Robot Build Rating . | . . . . . . . . . . . . . . . . . . . . . . . . . . . . . . . . . . . . Part Schematics Acquired 4 | . 1 . 1 2 . . . . . . . . . . . . . . . . . . . . . . . . . . . . . . . Parts Built . | . . . . . . . . . . . . . . . . . . . . . . . . . . . . . . . . . . . . Authchips . | . . . . . . . . . . . . . . . . . . . . . . . . . . . . . . . . . . . . Time . | . . . . . . . . . . . . . . . . . . . . . . . . . . . . . . . . . . . . Total Part Build Rating . | . . . . . . . . . . . . . . . . . . . . . . . . . . . . . . . . . . . . Part Studies Acquired 9 | . . . 3 . . 2 . . . . . 2 . . . . . . . . . . . 1 . . . . . 1 . . . . . Parts Repaired 2 | . . . . 2 . . . . . . . . . . . . . . . . . . . . . . . . . . . . . . . Time 64 | . . . . 64 . . . . . . . . . . . . . . . . . . . . . . . . . . . . . . . Parts Recycled . | . . . . . . . . . . . . . . . . . . . . . . . . . . . . . . . . . . . . Recycled Matter . | . . . . . . . . . . . . . . . . . . . . . . . . . . . . . . . . . . . . Retrieved Matter . | . . . . . . . . . . . . . . . . . . . . . . . . . . . . . . . . . . . . Retrieved Components 12 | . . . . 9 . . . 3 . . . . . . . . . . . . . . . . . . . . . . . . . . . Parts Scanalyzed 1 | . . . 1 . . . . . . . . . . . . . . . . . . . . . . . . . . . . . . . . Part Schematics Acquired 1 | . . . 1 . . . . . . . . . . . . . . . . . . . . . . . . . . . . . . . . Parts Damaged . | . . . . . . . . . . . . . . . . . . . . . . . . . . . . . . . . . . . . Bothacking | -11 -10 -10 -9 -9 -9 -8 -8 -8 -8 -8 -8 -7 -7 -7 -7 -6 -6 -6 -6 -5 -5 -4 -4 -4 -4 -3 -3 -3 -3 -2 -2 -2 -2 -1 -1 ------------ Run | Yrd Mat Min Mat Sto Gar Mat Gar Mat Gar Mat Gar Fac Gar Fac Gar Fac Gar Fac Gar Fac Gar Fac Was Fac Gar Res Gar Res Gar Res Gar Res Gar Acc Com Used RIF Installer 19 | . . . . . 2 . 1 . 2 . 2 . 2 . 1 . 1 . 1 . 1 . . . 1 . 1 . 1 . 2 . 1 . . Coupler Efficiency 2 | . . . . . . . . . . . . . . . . . . . . . . . . . . . . . . . 1 . 1 . . Hotswap 1 | . . . . . . . . . . . 1 . . . . . . . . . . . . . . . . . . . . . . . . Code Merge 2 | . . . . . . . . . . . . . 2 . . . . . . . . . . . . . . . . . . . . . . Command Fork 3 | . . . . . 1 . . . . . . . . . 1 . . . . . 1 . . . . . . . . . . . . . . Threat Obfuscator 1 | . . . . . . . . . 1 . . . . . . . . . . . . . . . . . . . . . . . . . . Signal Jammer 1 | . . . . . . . 1 . . . . . . . . . . . . . . . . . . . . . . . . . . . . Zone Cloak 1 | . . . . . . . . . . . . . . . . . . . 1 . . . . . . . . . . . . . . . . Robot Detection 1 | . . . . . . . . . . . . . . . . . . . . . . . . . . . 1 . . . . . . . . Watcher Feeds 1 | . . . . . . . . . . . . . . . . . . . . . . . . . . . . . 1 . . . . . . Patrol Navigation 1 | . . . . . . . . . . . 1 . . . . . . . . . . . . . . . . . . . . . . . . Structural Interface 1 | . . . . . . . . . . . . . . . . . 1 . . . . . . . . . . . . . . . . . . Program Shield 1 | . . . . . . . . . 1 . . . . . . . . . . . . . . . . . . . . . . . . . . Autooverride 2 | . . . . . . . . . . . . . . . . . . . . . . . . . 1 . . . . . 1 . . . . Robots Hacked 207 | . . . . . . 2 . 2 . 4 . 5 . . . 1 8 . 2 1 11 2 5 12 9 9 26 3 3 3 23 15 15 35 11 Non-combat 44 | . . . . . . 2 . 1 . 4 . 5 . . . 1 . . . 1 . 2 . 6 . 4 . 1 . 1 . 1 . 12 3 Combat 163 | . . . . . . . . 1 . . . . . . . . 8 . 2 . 11 . 5 6 9 5 26 2 3 2 23 14 15 23 8 Autooverrided 36 | . . . . . . . . . . . . . . . . . . . . . . . . . . 1 6 1 3 . 3 7 2 8 5 Robot Hacks Applied 198 | . . . . . . 2 . 2 . 4 . 6 . . . 1 8 . 2 4 12 2 5 14 9 12 20 5 . 3 21 10 15 34 7 parse_system 13 | . . . . . . . . . . . . 1 . . . . 2 . . . 1 . . 1 . . . . . . 2 . 2 4 . find_chute 3 | . . . . . . . . . . . . 1 . . . 1 . . . . . 1 . . . . . . . . . . . . . map_walls 1 | . . . . . . . . . . . . . . . . . . . . . . . . . . . . . . . . . . 1 . map_earth 1 | . . . . . . . . . . . . . . . . . . . . . . . . . . . . . . 1 . . . . . find_fabricator 3 | . . . . . . . . . . . . . . . . . . . . . . . . . . . . 1 . . . 1 . 1 . drop_inventory 12 | . . . . . . . . . . . . 1 . . . . . . . . . 1 . 2 . 2 . 1 . . . 1 . 4 . locate_stockpiles 3 | . . . . . . . . . . . . . . . . . . . . . . . . . . . . 1 . . . 1 . 1 . purge_threat 5 | . . . . . . . . . . . . . . . . . . . . 2 . . . 1 . 2 . . . . . . . . . block_reporting 2 | . . . . . . . . . . . . . . . . . . . . 1 . . . . . 1 . . . . . . . . . map_route 5 | . . . . . . . . . . 1 . . . . . . . . . . . . . 1 . 1 . . . . . . . 2 . ignore_targets 5 | . . . . . . . . . . . . . . . . . . . . . . . 5 . . . . . . . . . . . . find_garrison 2 | . . . . . . . . . . . . . . . . . . . . . . . . . . 1 . . . . . . . 1 . overload_power 1 | . . . . . . . . . . . . . . . . . . . . . . . . . . . 1 . . . . . . . . amplify_resonance 16 | . . . . . . . . . . . . . . . . . . . . . 2 . . . . 1 4 . . . 4 1 1 3 . disable_weapons 1 | . . . . . . . . . . . . . . . . . . . . . . . . . . . . . . . . . . 1 . reboot_system 14 | . . . . . . . . . . . . . . . . . 1 . . . 1 . . 1 . . 1 . . . 3 2 2 2 1 overwrite_iff 16 | . . . . . . . . . . . . . . . . . . . . . . . . . 2 2 4 . . . 1 2 3 2 . formatsys_low 22 | . . . . . . 2 . 1 . 3 . 3 . . . . . . . 1 . . . 4 . 1 . 1 . . . . . 3 3 formatsys_high 73 | . . . . . . . . 1 . . . . . . . . 5 . 2 . 8 . . 4 7 1 10 1 . 2 11 2 7 9 3 Relay Couplers Released 223 | . . . . . 18 . 10 . 5 . 10 . . . 21 . 14 . 10 . 28 . . . 22 . 25 . 21 . 16 . 22 1 . Machine Destruction 215 | . . . . . 14 . 10 . 5 . 10 . . . 21 . 14 . 10 . 28 . . . 22 . 21 . 21 . 16 . 22 1 . Programmers 8 | . . . . . 4 . . . . . . . . . . . . . . . . . . . . . 4 . . . . . . . . Attached 41 | . . . . . . 1 . 2 . 1 . 1 . . 1 1 3 . 1 2 5 . 1 . 3 . 6 . 2 . 4 . 2 1 4 Merged Code Value 1209 | . . . . . . . . . . . . . . . 9 92 43 . . 40 173 . . . 207 . 194 . 112 . 157 . 182 . . Fabnet Peak Effective % . | . . . . . . . . . . . . . . . . . . . . . . . . . . . . . . . . . . . . Robots Rewired 56 | . . . . . . . . . 9 . 3 . . . . . 2 . . . 19 . . . 2 . 2 . 6 . 11 . 2 . . Allies Hacked 3 | . . . . . . . . . . . 1 . . . . . . . . . . . . 1 . . . . . . . . 1 . . Hacks Repelled . | . . . . . . . . . . . . . . . . . . . . . . . . . . . . . . . . . . . . Allies | -11 -10 -10 -9 -9 -9 -8 -8 -8 -8 -8 -8 -7 -7 -7 -7 -6 -6 -6 -6 -5 -5 -4 -4 -4 -4 -3 -3 -3 -3 -2 -2 -2 -2 -1 -1 -------- Run | Yrd Mat Min Mat Sto Gar Mat Gar Mat Gar Mat Gar Fac Gar Fac Gar Fac Gar Fac Gar Fac Gar Fac Was Fac Gar Res Gar Res Gar Res Gar Res Gar Acc Com Total Allies 294 | . . 3 . 4 1 2 . 3 9 3 4 3 . . . . 7 . 3 2 27 . 18 13 16 7 35 6 11 2 35 14 24 28 14 Largest Group 34 | . . 3 1 4 4 2 2 3 7 8 8 8 8 5 5 5 7 6 8 10 34 32 24 24 18 22 22 26 21 8 15 15 14 20 5 Highest-Rated Group 1435 | . . 40 16 34 51 14 15 40 107 112 112 133 133 76 76 78 273 251 320 358 1405 1377 904 919 761 900 1168 1435 1312 405 1104 1115 946 1146 741 Highest-Rated Ally 219 | . . 16 16 10 25 8 9 15 18 18 31 31 31 23 23 23 99 99 99 99 89 85 84 84 84 64 116 142 142 89 119 119 95 219 219 Total Orders 451 | . . . . . . . 11 2 16 3 13 3 41 2 28 10 84 . 43 24 77 . . 1 19 2 16 3 32 . 7 . 1 2 11 STAY 180 | . . . . . . . 4 1 6 . 5 . 18 . 13 1 45 . 20 4 26 . . . 8 . 5 . 16 . 4 . 1 . 3 ROAM 5 | . . . . . . . . . . . . . . . 2 . 1 . . . . . . . . . . . 2 . . . . . . FOLLOW 82 | . . . . . . . 5 1 7 . 4 . 10 1 2 2 11 . 7 3 9 . . . 5 . 3 1 7 . 3 . . . 1 GUARD 58 | . . . . . . . . . 1 2 1 2 3 . 1 . 7 . 3 3 20 . . . 2 1 5 2 4 . . . . . 1 AID 75 | . . . . . . . . . . 1 1 1 10 1 10 2 12 . 9 1 13 . . 1 4 1 . . . . . . . 2 6 DROP 18 | . . . . . . . . . 1 . 1 . . . . 2 4 . 1 4 3 . . . . . 1 . 1 . . . . . . PICKUP 29 | . . . . . . . 1 . 1 . 1 . . . . 3 4 . 3 9 6 . . . . . 1 . . . . . . . . COLLECT 4 | . . . . . . . 1 . . . . . . . . . . . . . . . . . . . 1 . 2 . . . . . . Ally Attacks 1575 | . . 21 6 . 26 . . 9 22 45 21 . 33 . . . 29 . 10 7 54 41 71 117 54 48 78 23 148 25 101 107 96 198 185 Total Damage 57419 | . . 103 85 . 295 . . 199 401 431 247 . 439 . . . 1085 . 219 182 1500 457 2366 2985 1761 1545 1994 623 6408 325 2970 3397 3572 10493 13337 Kills 278 | . . 2 1 . 3 . . 2 4 4 1 . 5 . . . 7 . 2 1 11 2 5 28 12 11 17 3 31 4 20 19 15 35 33 Allies Corrupted 12 | . . . . . . . . . . . . . . . . . . . . . . . . . 2 1 2 1 2 . . 1 3 . . Allies Melted 2 | . . . . . . . . . . . . . . . . . 1 . . . . . . . 1 . . . . . . . . . . Intel | -11 -10 -10 -9 -9 -9 -8 -8 -8 -8 -8 -8 -7 -7 -7 -7 -6 -6 -6 -6 -5 -5 -4 -4 -4 -4 -3 -3 -3 -3 -2 -2 -2 -2 -1 -1 ------- Run | Yrd Mat Min Mat Sto Gar Mat Gar Mat Gar Mat Gar Fac Gar Fac Gar Fac Gar Fac Gar Fac Gar Fac Was Fac Gar Res Gar Res Gar Res Gar Res Gar Acc Com Active Infowar (turns) 4188 | 108 2127 76 . . . 319 . 108 . . . 181 813 21 . . . . . . . . . . . 390 . 45 . . . . . . . Optics 1015 | . . . . . . . . . . . . 181 813 21 . . . . . . . . . . . . . . . . . . . . . IFF 543 | . . . . . . . . 108 . . . . . . . . . . . . . . . . . 390 . 45 . . . . . . . Seismic 2311 | 108 2127 76 . . . . . . . . . . . . . . . . . . . . . . . . . . . . . . . . . Machine Analysis 319 | . . . . . . 319 . . . . . . . . . . . . . . . . . . . . . . . . . . . . . Robot Analysis Total 1 | . . . . 1 . . . . . . . . . . . . . . . . . . . . . . . . . . . . . . . Derelict Logs Recovered 1 | . . 1 . . . . . . . . . . . . . . . . . . . . . . . . . . . . . . . . . Drone Launches . | . . . . . . . . . . . . . . . . . . . . . . . . . . . . . . . . . . . . Drone Recoveries . | . . . . . . . . . . . . . . . . . . . . . . . . . . . . . . . . . . . . Exploration | -11 -10 -10 -9 -9 -9 -8 -8 -8 -8 -8 -8 -7 -7 -7 -7 -6 -6 -6 -6 -5 -5 -4 -4 -4 -4 -3 -3 -3 -3 -2 -2 -2 -2 -1 -1 ------------- Run | Yrd Mat Min Mat Sto Gar Mat Gar Mat Gar Mat Gar Fac Gar Fac Gar Fac Gar Fac Gar Fac Gar Fac Was Fac Gar Res Gar Res Gar Res Gar Res Gar Acc Com Turns Passed 36468 | 248 2127 486 1251 1440 1634 1030 1167 289 1077 774 1491 337 813 120 1698 83 2148 23 1114 231 2236 96 795 705 1147 500 1614 171 1903 681 1867 506 1131 1094 2441 Spaces Moved 38514 | 143 1389 386 1019 1012 1091 687 604 151 596 408 699 494 968 254 3220 141 4038 16 1580 337 4125 287 555 1491 1655 942 2588 277 2473 428 1223 380 844 674 1339 Core 85 | 4 . . . . . . . . . . . . . . . . . . . . . . . . . . . . 81 . . . . . . Treads 811 | . 786 25 . . . . . . . . . . . . . . . . . . . . . . . . . . . . . . . . . Legs 5086 | . . . . . . . . . . . . . . . . . . . . . . . . . . . . . 198 428 1223 380 844 674 1339 Wheels 7967 | 139 603 361 1019 1012 1091 687 604 151 596 408 699 114 . . 41 . 125 16 166 . 135 . . . . . . . . . . . . . . Hover . | . . . . . . . . . . . . . . . . . . . . . . . . . . . . . . . . . . . . Flight 24565 | . . . . . . . . . . . . 380 968 254 3179 141 3913 . 1414 337 3990 287 555 1491 1655 942 2588 277 2194 . . . . . . Fastest Speed 23 | 50 80 90 90 95 110 110 110 130 130 145 145 27 27 27 27 24 24 115 24 23 23 23 27 27 32 29 35 37 28 110 105 105 105 105 107 Average Speed 61 | 79 125 94 95 106 110 110 123 130 131 155 152 51 30 27 28 24 27 115 36 27 29 24 29 30 36 33 35 37 42 120 118 105 105 116 137 Slowest Speed 750 | 80 160 160 105 110 155 110 155 130 145 160 160 115 97 27 182 24 115 115 130 102 176 27 102 32 108 35 37 37 750 193 180 105 105 179 182 Overloaded Moves . | . . . . . . . . . . . . . . . . . . . . . . . . . . . . . . . . . . . . Propulsion Burnouts . | . . . . . . . . . . . . . . . . . . . . . . . . . . . . . . . . . . . . Robots Hopped 90 | . . . . . . . . . . . . . . . . . 27 . 5 4 24 1 10 13 . 4 . 2 . . . . . . . Potential Cave-ins . | . . . . . . . . . . . . . . . . . . . . . . . . . . . . . . . . . . . . Cave-ins Triggered . | . . . . . . . . . . . . . . . . . . . . . . . . . . . . . . . . . . . . Exploration Rate (%) 52 | 6 98 47 72 96 92 44 75 19 58 23 71 14 63 5 96 2 96 1 68 5 96 10 95 32 98 22 95 6 99 12 97 15 95 28 54 Regions Visited 35 Branch Regions 3 Pre-discovered Areas 6 | . 2 . 4 . . . . . . . . . . . . . . . . . . . . . . . . . . . . . . . . Known Exits Taken 16 | . . 1 1 1 . 1 . 1 . 1 . 1 . 1 . 1 . 1 . 1 . . . 1 . 1 . 1 . 1 . 1 . . . Unknown Exits Taken 3 | 1 1 . . . . . . . . . . . . . . . . . . . . . . . . . . . . . . . . 1 . Scrap Searched 1 | . . 1 . . . . . . . . . . . . . . . . . . . . . . . . . . . . . . . . . Spaces Dug 373 | . 9 13 . . 6 . 21 . 2 . . . 1 . 44 . 11 1 57 . 51 . . 4 52 . 15 . 76 2 4 . . 3 1 Terrain Destroyed 1068 | . 15 81 . 3 13 1 98 12 3 38 3 . 10 . 157 . 14 1 75 1 78 . 2 6 118 2 16 . 96 15 40 15 15 71 69 Melee 59 | . . . . . 6 . 9 . 2 . . . 1 . 1 . 1 1 . . 19 . . 4 . . 15 . . . . . . . . Projectile 373 | . . . . 3 1 1 1 11 1 38 3 . 1 . 15 . 3 . 16 1 27 . 2 2 1 2 1 . 19 15 39 15 15 71 69 AOE 628 | . 15 81 . . 6 . 88 . . . . . 7 . 139 . 10 . 57 . 32 . . . 117 . . . 76 . . . . . . Terrain Rammed 3 | . . . . . . . . . . . . . . . . . . . . . . . . . . . . . . . . . . 3 . Walls Destroyed . | . . . . . . . . . . . . . . . . . . . . . . . . . . . . . . . . . . . . Machines Disabled 1 | . . . . . . . . . . . . . . . . . . . . . . . . . . . . . . . . . . 1 . Actions | -11 -10 -10 -9 -9 -9 -8 -8 -8 -8 -8 -8 -7 -7 -7 -7 -6 -6 -6 -6 -5 -5 -4 -4 -4 -4 -3 -3 -3 -3 -2 -2 -2 -2 -1 -1 --------- Run | Yrd Mat Min Mat Sto Gar Mat Gar Mat Gar Mat Gar Fac Gar Fac Gar Fac Gar Fac Gar Fac Gar Fac Was Fac Gar Res Gar Res Gar Res Gar Res Gar Acc Com Total 47709 | 224 1594 474 1173 1247 1307 867 850 198 769 518 902 564 1314 301 3808 193 4893 18 2017 453 4826 301 1147 1690 2145 1088 3208 342 3169 543 1549 469 1028 868 1652 Wait 4321 | 17 40 52 33 139 25 102 34 10 46 49 10 11 178 43 322 31 407 2 269 76 299 . 574 128 227 92 337 56 376 58 121 23 79 30 25 Move 38338 | 142 1388 385 1018 1011 1090 686 603 150 595 407 698 493 967 253 3219 140 3996 15 1571 330 4091 285 538 1466 1653 933 2587 272 2472 428 1222 380 843 673 1338 Hop 52 | . . . . . . . . . . . . . . . . . 14 . 3 2 9 1 6 11 . 4 . 2 . . . . . . . Pick Up 512 | 8 20 6 20 14 13 8 19 5 11 17 10 . 2 1 38 1 62 . 21 1 46 2 2 16 6 6 24 1 57 5 19 7 7 9 28 Fast Attach 94 | 7 1 1 1 2 1 . 4 . 1 1 1 4 2 . 10 1 2 . 8 1 8 1 1 2 2 2 3 . 8 2 1 3 2 6 5 Attach 175 | . 2 4 3 . 6 4 9 2 3 1 6 8 14 1 . 6 22 . 11 7 13 1 . . 8 5 3 . 8 2 4 1 2 4 15 Detach 58 | . . . 1 . . . 2 . . . . 1 14 . 1 . 17 . 5 . 4 . . . 7 2 . . 2 . . . . . 2 Swap 534 | 1 23 . 21 11 34 14 23 7 20 7 21 7 15 . 27 1 26 . 24 3 45 . 4 7 10 5 12 2 22 11 27 14 14 16 60 Drop 570 | . 22 2 21 11 10 10 21 4 9 13 12 22 10 1 36 12 50 . 26 12 58 3 4 15 8 8 28 1 50 6 16 18 10 13 28 Fire 1674 | 49 98 24 55 54 79 35 47 20 37 23 69 9 53 . 65 1 65 . 40 9 116 5 9 35 48 22 57 8 58 29 137 22 64 109 123 Melee 428 | . . . . 1 34 4 45 . 37 . 29 9 29 2 15 . 23 1 9 . 76 3 9 10 8 9 35 . 27 . . . 3 . 10 Ram 3 | . . . . . . . . . . . . . . . . . . . . . . . . . . . . . . . . . . 3 . Kick 10 | . . . . . . . . . . . . . . . . . . . . . . . . . . . . . . 2 . 1 . 5 2 Crush . | . . . . . . . . . . . . . . . . . . . . . . . . . . . . . . . . . . . . Escape Stasis 840 | . . . . . 15 . 32 . . . 46 . 30 . 75 . 209 . 30 . 60 . . . 165 . 120 . 44 . . . 4 . 10 Rewire 59 | . . . . . . . . . . . . . . . . . . . . . 1 . . . 3 . 2 . 45 . 2 . . . 6 Trap 29 | . . . . 4 . 4 11 . 10 . . . . . . . . . . . . . . . . . . . . . . . . . . Miscellaneous 12 | . . . . . . . . . . . . . . . . . . . . 12 . . . . . . . . . . . . . . . Route ------- -11/Scrapyard -10/Materials (discovered 5 exits: *Mat x3 / [*Min x2]) -10/Mines (discovered 2 exits: *Mat / [*Exi]) -9/Materials (discovered 5 exits: *Mat x2 / *Min / *Sto x2) -9/Storage (discovered 3 exits: *Mat / *Rec / Gar) -9/Garrison (discovered 3 exits: *Mat x3) -8/Materials (discovered 2 exits: *Fac / Gar) -8/Garrison (discovered 3 exits: *Mat x3) -8/Materials -8/Garrison (discovered 4 exits: *Fac x3 / *Mat) -8/Materials -8/Garrison (discovered 3 exits: *Fac x3) -7/Factory -7/Garrison (discovered 4 exits: *Fac x4) -7/Factory -7/Garrison (discovered 3 exits: *Fac x3) -6/Factory -6/Garrison (discovered 3 exits: *Fac x3) -6/Factory -6/Garrison (discovered 3 exits: *Fac x3) -5/Factory -5/Garrison (discovered 3 exits: *Fac x3) -4/Factory -4/Waste -4/Factory (discovered 4 exits: *Res / [*Upp x2] / Gar) -4/Garrison (discovered 3 exits: *Res x3) -3/Research -3/Garrison (discovered 3 exits: *Res x3) -3/Research -3/Garrison (discovered 3 exits: *Res x3) -2/Research -2/Garrison (discovered 3 exits: *Res x3) -2/Research -2/Garrison (discovered 3 exits: *Acc x3) -1/Access -1/Command (discovered 2 exits: [*Sur x2]) 0b11 Command History --------- Turn | Location | Event 7 | -11/Scrapyard | Discovered new exit (range 16) 249 | -11/Scrapyard | Entered Materials 327 | -10/Materials | Build established: Mutant 403 | -10/Materials | Discovered new exit (range 13) 552 | -10/Materials | Discovered new exit (range 16) 631 | -10/Materials | Discovered new exit (range 15) 741 | -10/Materials | Discovered new exit (range 16) 842 | -10/Materials | Loaded intel: 11 trap records 921 | -10/Materials | Learned Materials trap positions 991 | -10/Materials | Identified exit to Materials 1050 | -10/Materials | Learned 4 Subcaves zone layouts 1099 | -10/Materials | Learned Storage garrison access intel 1138 | -10/Materials | Learned Materials trap positions 1242 | -10/Materials | Learned Materials trap positions 1307 | -10/Materials | Learned Storage trap positions 2376 | -10/Materials | Entered Mines 2377 | -10/Mines | Assembled infested the area 2433 | -10/Mines | Core integrity fell below 50% 2470 | -10/Mines | Core integrity fell below 20% 2483 | -10/Mines | Lost 5 parts (1p2n1u1w) 2508 | -10/Mines | Assisted by bots powering up and referring to "LRC-V3" 2628 | -10/Mines | Learned Materials emergency access door positions 2632 | -10/Mines | Deemed a non-threat by the Exiles lab entrance 2632 | -10/Mines | Discovered new exit (range 5) 2668 | -10/Mines | Found a damaged Exp. Sensor Array with a note attached 2671 | -10/Mines | Found Prototype Device 2862 | -10/Mines | Entered Materials 2862 | -9/Materials | Accompanied by 1 ally 2862 | -9/Materials | Evolved 2 slots: Weapon x2 2863 | -9/Materials | Identified exit to Mines 2864 | -9/Materials | Loaded intel: 14 trap records 2875 | -9/Materials | Identified exit to Storage 3166 | -9/Materials | Build established: Scavenger-Gunner 3301 | -9/Materials | Central database locked down 3301 | -9/Materials | Identified Exp. Sensor Array 3492 | -9/Materials | Destroyed 7 combat bots 3551 | -9/Materials | Build established: Gunner 3642 | -9/Materials | Learned location of 1 exit from Recycling 3701 | -9/Materials | Learned location of Zion (-6) 3792 | -9/Materials | Learned location of Storage (-9) 3821 | -9/Materials | Identified exit to Materials 3897 | -9/Materials | Discovered exit to Materials (range 16) 4113 | -9/Materials | Entered Storage 4114 | -9/Storage | Identified exit to Recycling 4115 | -9/Storage | Loaded intel: 25 trap records 4116 | -9/Storage | Loaded intel: 1 garrison access location 4276 | -9/Storage | Used back door to open Recycling access 4505 | -9/Storage | Repaired Arm. Wheel+ 4538 | -9/Storage | Repaired Arm. Wheel+ 5128 | -9/Storage | Discovered exit to Materials (range 16) 5537 | -9/Storage | Identified exit to Garrison 5553 | -9/Storage | Entered Garrison 5553 | -9/Garrison | Accompanied by 4 allies 5578 | -9/Garrison | Rescued a captive Derelict 5679 | -9/Garrison | Garrison Relay disabled 5694 | -9/Garrison | Garrison Relay disabled 5734 | -9/Garrison | P-60 Hacker assimilated allied Technician 2a 5827 | -9/Garrison | Lost 3 allies 5878 | -9/Garrison | Lost 4 parts (1n1u2w) 5959 | -9/Garrison | Triggered checkpoint 5986 | -9/Garrison | Garrison Relay disabled 6085 | -9/Garrison | Triggered checkpoint 6112 | -9/Garrison | Triggered checkpoint 6145 | -9/Garrison | Destroyed 7 combat bots 6212 | -9/Garrison | Triggered checkpoint 6275 | -9/Garrison | Installed Relay Interface Framework 6327 | -9/Garrison | Garrison Relay disabled 6341 | -9/Garrison | Core integrity fell below 50% 6407 | -9/Garrison | Discovered exit to Materials (range 12) 6459 | -9/Garrison | Build established: Scavenger-Gunner 6493 | -9/Garrison | Triggered checkpoint 6793 | -9/Garrison | Discovered exit to Materials (range 10) 6983 | -9/Garrison | Triggered checkpoint 7063 | -9/Garrison | Discovered exit to Materials (range 12) 7110 | -9/Garrison | Expanded RIF knowledge: Command Fork 7167 | -9/Garrison | Discovered exit to Materials (range 50) 7167 | -9/Garrison | Discovered exit to Materials (range 75) 7167 | -9/Garrison | Discovered exit to Materials (range 15) 7187 | -9/Garrison | Entered Materials 7187 | -8/Materials | Evolved 2 slots: Utility x1, Weapon x1 7188 | -8/Materials | Loaded intel: 16 trap records 7587 | -8/Materials | First assault squad dispatched 7937 | -8/Materials | Identified exit to Garrison 7986 | -8/Materials | Discovered new exit (range 12) 8217 | -8/Materials | Entered Garrison 8217 | -8/Garrison | Accompanied by 2 allies 8251 | -8/Garrison | Triggered checkpoint 8322 | -8/Garrison | Triggered checkpoint 8362 | -8/Garrison | Garrison Relay disabled 8506 | -8/Garrison | Triggered checkpoint 8567 | -8/Garrison | Destroyed 7 combat bots 8715 | -8/Garrison | Triggered checkpoint 8751 | -8/Garrison | Garrison Relay disabled 8813 | -8/Garrison | Triggered checkpoint 8910 | -8/Garrison | Discovered new exit (range 8) 8976 | -8/Garrison | Phase Generator disabled 8993 | -8/Garrison | Triggered checkpoint 9007 | -8/Garrison | Discovered new exit (range 49) 9007 | -8/Garrison | Discovered new exit (range 7) 9007 | -8/Garrison | Discovered new exit (range 63) 9182 | -8/Garrison | Expanded RIF knowledge: Signal Jamming 9384 | -8/Garrison | Entered Materials 9384 | -8/Materials | Accompanied by 2 allies 9385 | -8/Materials | Loaded intel: 20 trap records 9516 | -8/Materials | Garrison activated, responded to threat 9635 | -8/Materials | Identified exit to Garrison 9673 | -8/Materials | Entered Garrison 9673 | -8/Garrison | Accompanied by 3 allies 9730 | -8/Garrison | Discovered new exit (range 49) 9730 | -8/Garrison | Discovered new exit (range 85) 9730 | -8/Garrison | Discovered new exit (range 69) 9730 | -8/Garrison | Discovered new exit (range 49) 9811 | -8/Garrison | Triggered checkpoint 9851 | -8/Garrison | Expanded RIF knowledge: Program Shield 9928 | -8/Garrison | Triggered checkpoint 9945 | -8/Garrison | Triggered checkpoint 10037 | -8/Garrison | Garrison Relay disabled 10161 | -8/Garrison | Triggered checkpoint 10187 | -8/Garrison | Triggered checkpoint 10507 | -8/Garrison | Expanded RIF knowledge: Threat Obfuscation 10651 | -8/Garrison | Triggered checkpoint 10709 | -8/Garrison | Lost 5 allies 10750 | -8/Garrison | Entered Materials 10750 | -8/Materials | Accompanied by 5 allies 11043 | -8/Materials | Build established: Commander-Gunner 11431 | -8/Materials | Identified exit to Garrison 11524 | -8/Materials | Entered Garrison 11524 | -8/Garrison | Accompanied by 8 allies 11584 | -8/Garrison | Triggered checkpoint 11629 | -8/Garrison | Lost 3 allies 11650 | -8/Garrison | Garrison Relay disabled 11737 | -8/Garrison | Core integrity fell below 50% 11910 | -8/Garrison | Build established: Scavenger-Gunner 12049 | -8/Garrison | P-60 Hacker assimilated allied Trooper 3b 12067 | -8/Garrison | Triggered checkpoint 12106 | -8/Garrison | Destroyed 8 combat bots 12206 | -8/Garrison | Triggered checkpoint 12248 | -8/Garrison | Triggered checkpoint 12346 | -8/Garrison | Triggered checkpoint 12421 | -8/Garrison | Garrison Relay disabled 12456 | -8/Garrison | Discovered new exit (range 12) 12490 | -8/Garrison | Expanded RIF knowledge: Hotswap 12529 | -8/Garrison | Expanded RIF knowledge: Patrol Navigation 12606 | -8/Garrison | Triggered checkpoint 12645 | -8/Garrison | Garrison Relay disabled 12751 | -8/Garrison | Discovered new exit (range 10) 12885 | -8/Garrison | Triggered checkpoint 12906 | -8/Garrison | Discovered new exit (range 51) 12906 | -8/Garrison | Discovered new exit (range 80) 12906 | -8/Garrison | Discovered new exit (range 12) 12943 | -8/Garrison | Rescued a captive Derelict 13015 | -8/Garrison | Entered Factory 13015 | -7/Factory | Accompanied by 5 allies 13015 | -7/Factory | Evolved 2 slots: Propulsion x2 13323 | -7/Factory | Identified exit to Garrison 13352 | -7/Factory | Entered Garrison 13352 | -7/Garrison | Accompanied by 8 allies 13383 | -7/Garrison | Triggered checkpoint 13431 | -7/Garrison | Expanded RIF knowledge: Code Merge 13477 | -7/Garrison | Triggered checkpoint 13498 | -7/Garrison | Triggered checkpoint 13498 | -7/Garrison | Triggered checkpoint 13640 | -7/Garrison | Triggered checkpoint 13705 | -7/Garrison | Triggered checkpoint 13771 | -7/Garrison | Discovered new exit (range 10) 13771 | -7/Garrison | Discovered new exit (range 58) 13771 | -7/Garrison | Discovered new exit (range 76) 13771 | -7/Garrison | Discovered new exit (range 32) 13774 | -7/Garrison | Expanded RIF knowledge: Code Merge 14006 | -7/Garrison | Triggered checkpoint 14165 | -7/Garrison | Entered Factory 14165 | -7/Factory | Accompanied by 5 allies 14201 | -7/Factory | Allied Derelicts emerged from ambush trap array 14251 | -7/Factory | Identified exit to Garrison 14285 | -7/Factory | Entered Garrison 14285 | -7/Garrison | Accompanied by 5 allies 14313 | -7/Garrison | Phase Generator disabled 14317 | -7/Garrison | Triggered checkpoint 14323 | -7/Garrison | Triggered checkpoint 14361 | -7/Garrison | Build established: Commander-Sprinter 14454 | -7/Garrison | Spotted B-75 Beast 14454 | -7/Garrison | Spotted B-75 Beast 14477 | -7/Garrison | Garrison Relay disabled 14508 | -7/Garrison | Garrison Relay disabled 14537 | -7/Garrison | Triggered checkpoint 14537 | -7/Garrison | Triggered checkpoint 14550 | -7/Garrison | Triggered checkpoint 14856 | -7/Garrison | Discovered new exit (range 12) 14858 | -7/Garrison | Expanded RIF knowledge: Command Fork 14913 | -7/Garrison | Discovered new exit (range 14) 14924 | -7/Garrison | Triggered checkpoint 14978 | -7/Garrison | Garrison Relay disabled 15063 | -7/Garrison | Garrison Relay disabled 15069 | -7/Garrison | Triggered checkpoint 15304 | -7/Garrison | Discovered new exit (range 10) 15375 | -7/Garrison | Triggered checkpoint 15391 | -7/Garrison | Garrison Relay disabled 15983 | -7/Garrison | Entered Factory 15983 | -6/Factory | Accompanied by 5 allies 15983 | -6/Factory | Evolved 2 slots: Propulsion x1, Utility x1 16040 | -6/Factory | Identified exit to Garrison 16066 | -6/Factory | Entered Garrison 16066 | -6/Garrison | Accompanied by 5 allies 16070 | -6/Garrison | Triggered checkpoint 16098 | -6/Garrison | Garrison Relay disabled 16147 | -6/Garrison | Learned Factory security intel 16224 | -6/Garrison | Spotted B-75 Beast 16231 | -6/Garrison | Triggered checkpoint 16259 | -6/Garrison | Build established: Scavenger-Sprinter 16431 | -6/Garrison | Phase Generator disabled 16527 | -6/Garrison | Triggered checkpoint 16627 | -6/Garrison | Destroyed B-75 Beast 16759 | -6/Garrison | Discovered new exit (range 11) 16805 | -6/Garrison | Garrison Relay disabled 16808 | -6/Garrison | Triggered checkpoint 17018 | -6/Garrison | Discovered new exit (range 4) 17029 | -6/Garrison | Rewired B-75 Beast 17125 | -6/Garrison | Expanded RIF knowledge: Structural Interface 17132 | -6/Garrison | Rewired Striker 17217 | -6/Garrison | Triggered checkpoint 17253 | -6/Garrison | Triggered checkpoint 17365 | -6/Garrison | Garrison Relay disabled 17367 | -6/Garrison | Triggered checkpoint 17401 | -6/Garrison | Build established: Commander-Sprinter 17482 | -6/Garrison | Discovered new exit (range 12) 18214 | -6/Garrison | Entered Factory 18214 | -6/Factory | Accompanied by 6 allies 18229 | -6/Factory | Identified exit to Garrison 18237 | -6/Factory | Entered Garrison 18237 | -6/Garrison | Accompanied by 6 allies 18365 | -6/Garrison | H-XX Assembler disabled 18480 | -6/Garrison | Garrison Relay disabled 18505 | -6/Garrison | Garrison Relay disabled 18591 | -6/Garrison | Triggered checkpoint 18732 | -6/Garrison | Expanded RIF knowledge: Zone Cloak 18735 | -6/Garrison | Triggered checkpoint 18749 | -6/Garrison | Discovered new exit (range 7) 18749 | -6/Garrison | Discovered new exit (range 57) 18749 | -6/Garrison | Discovered new exit (range 77) 18804 | -6/Garrison | Triggered checkpoint 19049 | -6/Garrison | Triggered checkpoint 19351 | -6/Garrison | Entered Factory 19351 | -5/Factory | Accompanied by 8 allies 19351 | -5/Factory | Evolved 2 slots: Utility x2 19518 | -5/Factory | Identified exit to Garrison 19582 | -5/Factory | Entered Garrison 19582 | -5/Garrison | Accompanied by 10 allies 19617 | -5/Garrison | Triggered checkpoint 19891 | -5/Garrison | Garrison Relay disabled 19993 | -5/Garrison | Garrison Relay disabled 19996 | -5/Garrison | Garrison Relay disabled 20014 | -5/Garrison | Triggered checkpoint 20086 | -5/Garrison | Garrison Relay disabled 20153 | -5/Garrison | Triggered checkpoint 20166 | -5/Garrison | Garrison Relay disabled 20191 | -5/Garrison | Discovered new exit (range 9) 20213 | -5/Garrison | Triggered checkpoint 20280 | -5/Garrison | Triggered checkpoint 20290 | -5/Garrison | Triggered checkpoint 20492 | -5/Garrison | Expanded RIF knowledge: Command Fork 20528 | -5/Garrison | Discovered new exit (range 11) 20536 | -5/Garrison | Triggered checkpoint 20565 | -5/Garrison | Garrison Relay disabled 20579 | -5/Garrison | Triggered checkpoint 20586 | -5/Garrison | Discovered new exit (range 34) 20586 | -5/Garrison | Discovered new exit (range 19) 20586 | -5/Garrison | Discovered new exit (range 54) 20937 | -5/Garrison | Triggered checkpoint 20999 | -5/Garrison | Garrison Relay disabled 21385 | -5/Garrison | Identified exit to Factory 21818 | -5/Garrison | Entered Factory 21818 | -4/Factory | Accompanied by 32 allies 21818 | -4/Factory | Evolved 2 slots: Utility x2 21914 | -4/Factory | Manually triggered Chute Trap 21914 | -4/Factory | Sucked down chute 21914 | -4/Factory | Entered Waste 21916 | -4/Waste | Spotted C-40 Crusher 21917 | -4/Waste | Spotted C-40 Crusher 21920 | -4/Waste | Spotted C-40 Crusher 21934 | -4/Waste | Spotted C-40 Crusher 21935 | -4/Waste | Discovered new exit (range 16) 21935 | -4/Waste | Spotted C-40 Crusher 21944 | -4/Waste | Spotted C-40 Crusher 21996 | -4/Waste | Allies destroyed C-40 Crusher 22004 | -4/Waste | 8 allies followed down the chute 22007 | -4/Waste | Warlord forces began an assault 22063 | -4/Waste | Destroyed C-40 Crusher 22066 | -4/Waste | Allies destroyed C-40 Crusher 22086 | -4/Waste | Allies destroyed C-40 Crusher 22212 | -4/Waste | Build established: Botlord-Sprinter 22709 | -4/Waste | Entered Factory 22709 | -4/Factory | Accompanied by 22 allies 22745 | -4/Factory | Discovered new exit (range 13) 22810 | -4/Factory | Spotted B-86 Titan 23048 | -4/Factory | Discovered new exit (range 109) 23145 | -4/Factory | Discovered new exit (range 8) 23202 | -4/Factory | P-70 Sage assimilated allied LX-NEA(s) 23204 | -4/Factory | P-70 Sage assimilated allied EI-7CQ(s) 23305 | -4/Factory | Garrison activated, responded to threat 23336 | -4/Factory | Lost 15 allies 23364 | -4/Factory | Identified exit to Garrison 23414 | -4/Factory | Entered Garrison 23414 | -4/Garrison | Accompanied by 14 allies 23432 | -4/Garrison | Triggered checkpoint 23462 | -4/Garrison | Garrison Relay disabled 23475 | -4/Garrison | Spotted B-86 Titan 23571 | -4/Garrison | Triggered checkpoint 23577 | -4/Garrison | Triggered checkpoint 23582 | -4/Garrison | Destroyed Striker 23582 | -4/Garrison | Triggered checkpoint 23602 | -4/Garrison | Allies destroyed B-86 Titan 23649 | -4/Garrison | Triggered checkpoint 23656 | -4/Garrison | Lost 9 allies 23707 | -4/Garrison | Discovered new exit (range 9) 23729 | -4/Garrison | Expanded RIF knowledge: Autooverride 23733 | -4/Garrison | Discovered new exit (range 5) 23738 | -4/Garrison | Triggered checkpoint 23764 | -4/Garrison | Garrison Relay disabled 23932 | -4/Garrison | Discovered new exit (range 13) 23940 | -4/Garrison | Spotted Striker 23973 | -4/Garrison | Garrison Relay disabled 23978 | -4/Garrison | Triggered checkpoint 24168 | -4/Garrison | Garrison Relay disabled 24179 | -4/Garrison | Triggered checkpoint 24208 | -4/Garrison | Garrison Relay disabled 24561 | -4/Garrison | Entered Research 24561 | -3/Research | Accompanied by 18 allies 24561 | -3/Research | Evolved 2 slots: Propulsion x1, Utility x1 24990 | -3/Research | Identified exit to Garrison 25048 | -3/Research | Lost 4 allies 25061 | -3/Research | First assault squad dispatched 25061 | -3/Research | Entered Garrison 25061 | -3/Garrison | Accompanied by 13 allies 25076 | -3/Garrison | Rewired Striker 25078 | -3/Garrison | Rewired Striker 25133 | -3/Garrison | Triggered checkpoint 25138 | -3/Garrison | Garrison Relay disabled 25165 | -3/Garrison | Spotted B-86 Titan 25180 | -3/Garrison | Triggered checkpoint 25181 | -3/Garrison | Triggered checkpoint 25182 | -3/Garrison | Triggered checkpoint 25187 | -3/Garrison | Triggered checkpoint 25237 | -3/Garrison | Lost 14 allies 25243 | -3/Garrison | Garrison Relay disabled 25252 | -3/Garrison | Build established: Botlord-Gunner 25281 | -3/Garrison | Garrison Relay disabled 25295 | -3/Garrison | Discovered new exit (range 9) 25300 | -3/Garrison | Spotted B-75 Beast 25422 | -3/Garrison | Discovered new exit (range 12) 25456 | -3/Garrison | Expanded RIF knowledge: Robot Detection 25479 | -3/Garrison | Triggered checkpoint 25507 | -3/Garrison | Garrison Relay disabled 25541 | -3/Garrison | Discovered new exit (range 9) 25550 | -3/Garrison | Triggered checkpoint 25642 | -3/Garrison | Triggered checkpoint 25789 | -3/Garrison | Destroyed Striker 26675 | -3/Garrison | Entered Research 26675 | -3/Research | Accompanied by 21 allies 26692 | -3/Research | Allied Derelicts emerged from ambush trap array 26753 | -3/Research | Identified exit to Garrison 26846 | -3/Research | Entered Garrison 26846 | -3/Garrison | Accompanied by 19 allies 26852 | -3/Garrison | Triggered checkpoint 26868 | -3/Garrison | Found embedded Infiltrators 27022 | -3/Garrison | Triggered checkpoint 27035 | -3/Garrison | Garrison Relay disabled 27038 | -3/Garrison | Lost 4 allies 27039 | -3/Garrison | Build established: Commander-Tank 27044 | -3/Garrison | Garrison Relay disabled 27141 | -3/Garrison | Triggered checkpoint 27156 | -3/Garrison | Triggered checkpoint 27157 | -3/Garrison | Spotted B-86 Titan 27212 | -3/Garrison | Lost 13 allies 27320 | -3/Garrison | Discovered new exit (range 15) 27361 | -3/Garrison | Triggered checkpoint 27410 | -3/Garrison | Expanded RIF knowledge: Watcher Feeds 27460 | -3/Garrison | Discovered new exit (range 14) 27496 | -3/Garrison | Triggered checkpoint 27704 | -3/Garrison | Rewired Striker 27718 | -3/Garrison | Rewired Striker 27740 | -3/Garrison | Triggered checkpoint 27768 | -3/Garrison | Garrison Relay disabled 27795 | -3/Garrison | Discovered new exit (range 8) 27948 | -3/Garrison | Triggered checkpoint 27994 | -3/Garrison | Triggered checkpoint 28005 | -3/Garrison | Garrison Relay disabled 28115 | -3/Garrison | Garrison Relay disabled 28324 | -3/Garrison | Found Adv. Powered Armor 28325 | -3/Garrison | Found Adv. Powered Armor 28326 | -3/Garrison | Found Adv. Powered Armor 28328 | -3/Garrison | Found Adv. Powered Armor 28329 | -3/Garrison | Found Adv. Powered Armor 28330 | -3/Garrison | Found Adv. Powered Armor 28350 | -3/Garrison | Found Adv. Powered Armor 28351 | -3/Garrison | Found Adv. Powered Armor 28638 | -3/Garrison | Build established: Commander-Gunner 28749 | -3/Garrison | Entered Research 28749 | -2/Research | Accompanied by 8 allies 28749 | -2/Research | Evolved 2 slots: Power x1, Propulsion x1 28907 | -2/Research | Unchained authorized (6S-H0T) 29090 | -2/Research | Lost 6 allies 29430 | -2/Research | Identified exit to Garrison 29430 | -2/Research | Entered Garrison 29459 | -2/Garrison | Expanded RIF knowledge: Coupler Efficiency 29574 | -2/Garrison | Build established: Botlord-Tank 29792 | -2/Garrison | Triggered checkpoint 29804 | -2/Garrison | Garrison Relay disabled 29879 | -2/Garrison | Triggered checkpoint 29893 | -2/Garrison | Triggered checkpoint 29899 | -2/Garrison | Triggered checkpoint 29945 | -2/Garrison | Triggered checkpoint 30003 | -2/Garrison | Lost 9 allies 30005 | -2/Garrison | Garrison Relay disabled 30052 | -2/Garrison | Triggered checkpoint 30061 | -2/Garrison | Triggered checkpoint 30168 | -2/Garrison | Triggered checkpoint 30241 | -2/Garrison | Triggered checkpoint 30308 | -2/Garrison | Discovered new exit (range 10) 30411 | -2/Garrison | Lost 3 allies 30436 | -2/Garrison | Expanded RIF knowledge: Autooverride 30452 | -2/Garrison | Triggered checkpoint 30468 | -2/Garrison | Garrison Relay disabled 30518 | -2/Garrison | Discovered new exit (range 12) 30541 | -2/Garrison | Identified exit to Research 30706 | -2/Garrison | Spotted B-90 Cyclops 30719 | -2/Garrison | System corruption reached 10% 30731 | -2/Garrison | Allies destroyed B-90 Cyclops 30759 | -2/Garrison | Lost 3 allies 30807 | -2/Garrison | Found Relay Coupler [Proto] 30811 | -2/Garrison | Found Relay Coupler [Proto] 30813 | -2/Garrison | Found Relay Coupler [Proto] 30816 | -2/Garrison | Found Relay Coupler [Proto] 30923 | -2/Garrison | Rewired Executioner 30929 | -2/Garrison | Rewired Striker 30953 | -2/Garrison | Discovered exit to Research (range 3) 30966 | -2/Garrison | Found embedded Infiltrators 31013 | -2/Garrison | Garrison Relay disabled 31028 | -2/Garrison | Triggered checkpoint 31297 | -2/Garrison | Entered Research 31297 | -2/Research | Accompanied by 14 allies 31455 | -2/Research | Unchained authorized (6S-H0T) 31547 | -2/Research | First assault squad dispatched 31656 | -2/Research | Lost 4 allies 31722 | -2/Research | Garrison activated, responded to threat 31789 | -2/Research | Identified exit to Garrison 31799 | -2/Research | Lost 14 allies 31803 | -2/Research | Entered Garrison 31803 | -2/Garrison | Accompanied by 5 allies 31817 | -2/Garrison | Triggered checkpoint 31842 | -2/Garrison | Garrison Relay disabled 31859 | -2/Garrison | Garrison Relay disabled 31923 | -2/Garrison | Triggered checkpoint 31925 | -2/Garrison | Triggered checkpoint 31938 | -2/Garrison | Triggered checkpoint 31945 | -2/Garrison | Triggered checkpoint 31995 | -2/Garrison | Lost 8 allies 32035 | -2/Garrison | Expanded RIF knowledge: Coupler Efficiency 32074 | -2/Garrison | Discovered new exit (range 6) 32162 | -2/Garrison | Garrison Relay disabled 32180 | -2/Garrison | Triggered checkpoint 32265 | -2/Garrison | Discovered new exit (range 10) 32301 | -2/Garrison | Triggered checkpoint 32335 | -2/Garrison | Garrison Relay disabled 32510 | -2/Garrison | Triggered checkpoint 32537 | -2/Garrison | Triggered checkpoint 32566 | -2/Garrison | Garrison Relay disabled 32600 | -2/Garrison | Found embedded Infiltrators 32604 | -2/Garrison | Discovered new exit (range 14) 32870 | -2/Garrison | Found Relay Coupler [Proto] 32872 | -2/Garrison | Found Relay Coupler [Proto] 32874 | -2/Garrison | Found Relay Coupler [Proto] 32876 | -2/Garrison | Found Relay Coupler [Proto] 32934 | -2/Garrison | Entered Access 32934 | -1/Access | Accompanied by 13 allies 32934 | -1/Access | Evolved 2 slots: Power x1, Utility x1 33142 | -1/Access | Unchained authorized (6S-H0T) 33184 | -1/Access | First assault squad dispatched 33209 | -1/Access | Lost 4 allies 33348 | -1/Access | Lost 3 allies 33468 | -1/Access | Lost 10 allies 33589 | -1/Access | System corruption reached 10% 33622 | -1/Access | Lost 3 allies 33737 | -1/Access | Spotted B-99 Colossus 33742 | -1/Access | Spotted B-99 Colossus 33744 | -1/Access | Garrison activated, responded to threat 33746 | -1/Access | Assimilated Colossus 10a with formatsys_high 33746 | -1/Access | Assimilated Colossus 10b with formatsys_high 33774 | -1/Access | Spotted B-99 Colossus 33792 | -1/Access | Allies destroyed B-99 Colossus 33819 | -1/Access | Lost 7 allies 33891 | -1/Access | Spotted B-99 Colossus 33932 | -1/Access | Allies destroyed B-99 Colossus 33999 | -1/Access | High security lockdown imminent 34022 | -1/Access | Discovered new exit (range 3) 34028 | -1/Access | Entered Command 34053 | -1/Command | Lost 3 parts (1p1u1w) 34528 | -1/Command | First assault squad dispatched 34827 | -1/Command | Spotted Alpha 7 34827 | -1/Command | Spotted Striker 34827 | -1/Command | Spotted Executioner 34827 | -1/Command | Spotted Executioner 34827 | -1/Command | Spotted Alpha 7 34827 | -1/Command | Spotted Striker 34827 | -1/Command | Spotted Executioner 34827 | -1/Command | Spotted Executioner 34829 | -1/Command | Spotted B-99 Colossus 34831 | -1/Command | Allies destroyed Executioner 34834 | -1/Command | Assimilated Alpha 7 with formatsys_high 34834 | -1/Command | Assimilated Alpha 7 with formatsys_high 34836 | -1/Command | Allies destroyed Executioner 34836 | -1/Command | Allies destroyed Executioner 34839 | -1/Command | Spotted B-99 Colossus 34842 | -1/Command | Allies destroyed Executioner 34864 | -1/Command | Discovered new exit (range 14) 34871 | -1/Command | Destroyed B-99 Colossus 34883 | -1/Command | Destroyed B-99 Colossus 34907 | -1/Command | Lost 4 allies 34908 | -1/Command | Found Prototype Ballistic Gun 34908 | -1/Command | Identified Multirail 34954 | -1/Command | Found Prototype Processor 34954 | -1/Command | Identified Exp. Core Analyzer 34959 | -1/Command | Found Exp. Core Analyzer 34973 | -1/Command | Found Multirail 35290 | -1/Command | Spotted Combat Programmer 35291 | -1/Command | Spotted Combat Programmer 35303 | -1/Command | Spotted M Guard 35303 | -1/Command | Spotted M Guard 35313 | -1/Command | Destroyed Combat Programmer 35329 | -1/Command | Destroyed Combat Programmer 35334 | -1/Command | Assimilated M Guard with formatsys_high 35334 | -1/Command | Assimilated M Guard with formatsys_high 35342 | -1/Command | Lost 3 parts (1p1u1w) 35440 | -1/Command | 0b10 Conduit disabled 35440 | -1/Command | Met MAIN.C 35462 | -1/Command | Allies destroyed MAIN.C Shell 35465 | -1/Command | MAIN.C activated Command garrisons 35519 | -1/Command | Destroyed MAIN.C 35544 | -1/Command | Discovered new exit (range 33) 35544 | -1/Command | Discovered new exit (range 84) 35544 | -1/Command | Extracted map data and part IDs from MAIN.C's data core 36469 | *** | Establishing 0b11! Last Messages --------------- 36239_ Attempting to rewire Warlord KY-Z71. 36239_ Warlord KY-Z71 cannot be rewired. 36244_ System corrupted: Component data lost. 36261_ K-01 Serf collects debris. 36292_ System corrupted: Enh. Hardcell Cannon fused. 36293_ K-01 Serf collects debris. 36309_ System corrupted: Energy discharge (-144). 36310_ K-01 Serf collects debris. 36326_ System corrupted: FCS attempts to trigger Helical Railgun. 36326_ System corrupted: Helical Railgun misfires. 36326_ Slug penetrates G-73 Enforcer. 36330_ Acquired 5 matter. 36344_ System corrupted: Heat flow error (+201). 36366_ System corrupted: Heat flow error (+237). 36399_ System corrupted: Energy discharge (-241). 36414_ LOLM73JVGOB1HG#MAZ4 GFY176AT1EX# 36442_ System corrupted: Matter fused (-9). 36453_ Acquired 4 matter. [Achievement: 100k Club] [Achievement: True Cogmind] Map ----- +----------------------------------------------------+ | """" #==% #!%####### ### # ""#??????? | | """" # / # *#=! ######## ""#??????? | | """" #=! # #?# ""#??????? | | """" #! # #?# ^ ^ #?###### | | # #?# ^ #?#????? | | # ] ###?# #?#?#### | | # # # # # #??# #?#?#""" | | # # ##?# #?#?#"" | | # [ ## #?# #?#?#""" | | ###+# ## #### ###?#########?#?#""" | | # ## ##### #????#######?#?#" | | [## [ = # ####### #?#?#"" | | ## # #?#?#"" | | # ## % # ! % " #?#?# " | | #### # !# =% #?#?# " | | #### # #= ####### #?#?# " | | """## # # ## ##### ##?#?#" | | ""## # #?#?#"" | | """#### ## #% #?#?# | | """#??## ## [# " # ###?# | | """#?# =# [ "" " "#### | | ###### # = = # %[ | | # #### = + [ | | # ####### # | | "" ! # # # %[ !# ######## | | "" " = ## @ # # #????#?# | | T " Y # # ## #????#?# | | "" # 7 # #????#?#### | | "" # ################ #????#????? | | ######?????????????# # + #????###### | | = #??????????????????### ####+####??????? | | ########????????????????????#! ## #??????? | | ????????????????????????????# ## * #??????? | | ????????????????????????????# ## #??????? | | ????????????????????????????# ## #??????? | | ????????????????????????????# ## #??????? | | ????????????????????????????# ## #??????? | | ????????????????????????????# #########??????? | | ????????????????????????????# #??????????????? | | ????????????????????????????#######??????????????? | | ?????????????????????????????????????????????????? | | ?????????????????????????????????????????????????? | | ?????????????????????????????????????????????????? | | ?????????????????????????????????????????????????? | | ?????????????????????????????????????????????????? | | ?????????????????????????????????????????????????? | | ?????????????????????????????????????????????????? | | ?????????????????????????????????????????????????? | | ?????????????????????????????????????????????????? | | ?????????????????????????????????????????????????? | +----------------------------------------------------+ Best States ------------- Heat Dissipation 87 Coolant Potential 50 Energy Generation 73 Energy Capacity 850 Matter Stores 500 Matter Capacity 800 Sight Range 20 Terrain Scan Density 10 Power Amplification 30 Additional Mass Support 12 Armor Coverage 1200 Point Defense Rating 240 Evasion (%) 70 Core Analysis 12 Recoil Reduction 6 Offensive Hacking 12 Relay Coupler Types 7 Relay Coupler Value 387 Item Schematics ----------------- Flight Unit | -10/Materials | Hacked Arm. Wheel | -9/Materials | Scanalyzed Imp. Heat Sink | -9/Storage | Hacked Huge Storage Unit | -9/Storage | Hacked Robot Schematics ------------------ None Fabricated ------------ Nothing Repaired ---------- Arm. Wheel | 22% | -9/Storage Arm. Wheel | 39% | -9/Storage Studied --------- Arm. Wheel | -9/Materials | Hacked Lgt. Ion Engine | -9/Materials | Hacked Lgt. Assault Rifle | -9/Materials | Hacked Hvy. Assault Rifle | -8/Materials | Hacked Wheel | -8/Materials | Hacked Cesium-ion Thruster | -7/Factory | Hacked Remote Datajack | -7/Factory | Hacked Nuclear Pulse Array | -4/Factory | Hacked Centrium Leg | -2/Research | Hacked Alien Tech Used ----------------- None Achievements -------------- 100k Club Fancy Inventory Hackathon Physics Protects RIFT Wizard True Cogmind Challenges ------------ None Game ------ Seed BlastHardlightShifter Manual? 0 Play Time 10:41:12 Cumulative 1330.8 hours Start 2025.11.03 @ 23:40:18 End 2025.11.27 @ 01:04:31 Sessions 25 Manual Loads 0 Difficulty Rogue Special Mode None Game No. 619 Rogue 619 Adventurer 0 Explorer 0 Win Type 1 Total 25 Types 11/5/3/0/1/1/2/2/0/0 Lore% 92 Gallery% 89 Achievement% 61 Wizard Run 0 Options --------- Layout 0 ASCII 0 Keyboard 0 Movement Numpad Keybinds 0 Fullscreen 2 Font 24/Smallcaps Map View 76x50 Zoom Use 0% Tactical HUD 1 Map Filters NONE Filters SHIFT_HUE(315) Steam 1 RUN: 2fddf61f-ab43-49cc-912a-dbf40286b2ad